 Dungeon Crawl Stone Soup version 0.31-a0-221-gbddc013574 (webtiles) character file.

Game seed: 6211802890164806792

612225 qw the Slayer (level 27, -5/196 HPs)
             Began as a Gargoyle Fighter on July 4, 2023.
             Was an Elder of the Shining One.
             Killed by divine providence
             ... invoked by a royal mummy
              (14 damage)
             ... on level 1 of the Tomb of the Ancients.
             The game lasted 00:46:36 (64713 turns).

qw the Slayer (Gargoyle Fighter)                   Turns: 64713, Time: 00:46:37

Health: -5/196     AC: 59    Str: 53 (56) XL:     27
Magic:  10/37      EV: 12    Int:  6 (10) God:    the Shining One [****..]
Gold:   2119       SH: 20    Dex:  8 (16) Spells: 26/26 levels left

rFire   . . .        C - +9 broad axe of the Forgotten Wishes {heavy, Will+ Str+5 Dex+4}
rCold   + + .        i - +0 tower shield
rNeg    + + +        B - +9 plate armour "Sufuicug" {rElec Will- Str+3 Stlth+}
rPois   inf          (helmet restricted)
rElec   +            Q - +2 cloak {Will+}
rCorr   .            v - +2 pair of gloves
SInv    +            H - +0 pair of boots of Mezcal {Str+8}
Will    +++++        w - amulet of faith Stlth
                     M - ring of Ru's Grace {Wiz Will+ Str+5 Dex+3 SInv}
HPRegen 0.52/turn    t - ring of Ygguon {rC+ rN+ Will+ Str+2}
MPRegen 0.25/turn

%: faith, wizardry (x1)
@: about to teleport, flying, slowed, glowing, very slow
A: sickness immunity, AC +20, big wings, negative energy resistance 1,
electricity resistance, torment resistance 1, petrification resistance, antennae
1, cold resistance 1
}: 4/15 runes: serpentine, barnacled, slimy, silver
a: Renounce Religion, Divine Shield, Cleansing Flame


You were on level 1 of the Tomb of the Ancients.
You worshipped the Shining One.
The Shining One was greatly pleased with you.
You visited 12 branches of the dungeon, and saw 54 of its levels.
You visited 1 bazaar.

You collected 7948 gold pieces.
You spent 5829 gold pieces at shops.


Innate Abilities, Weirdness & Mutations

You are immune to sickness and miasma.
Your stone body is resilient. (AC +20)
You are immune to poison.
Your large and strong wings let you fly.
You resist negative energy. (rN+)
You are resistant to electric shocks. (rElec)
You are resistant to unholy torment.
You are immune to petrification.
You have a pair of small antennae on your head.
Your flesh is cold resistant. (rC+)


   Skills:
 - Level 26.1 Fighting
 - Level 18.0 Axes
 - Level 14.3 Throwing
 - Level 22.0 Armour
 - Level 10.0 Dodging
 - Level 22.0 Shields
 + Level 20.3 Invocations


You had 26 spell levels left.
You didn't know any spells.
Your spell library was empty.

Inventory:

Hand Weapons
 s - a +9 broad axe of holy wrath
 C - the +9 broad axe of the Forgotten Wishes (weapon) {heavy, Will+ Str+5 Dex+4}
   (Okawaru gifted it to you on level 5 of the Vaults)

   Str:       It affects your strength (+5).
   Dex:       It affects your dexterity (+4).
   Will:      It increases your willpower.
Missiles
 r - 24 boomerangs (quivered)
Armour
 i - a +0 tower shield (worn)
 p - a +4 plate armour of fire resistance
 v - a +2 pair of gloves (worn)
 y - the +0 pair of gloves "Gorch" {-Tele rPois Dex+9}
   (Okawaru gifted it to you on level 1 of the Realm of Zot)

   Dex:       It affects your dexterity (+9).
   rPois:     It protects you from poison.
   -Tele:     It prevents most forms of teleportation.
 z - a +4 plate armour of cold resistance
 B - the +9 plate armour "Sufuicug" (worn) {rElec Will- Str+3 Stlth+}
   (You found it on level 4 of the Lair of Beasts)

   Str:       It affects your strength (+3).
   rElec:     It insulates you from electricity.
   Will:      It decreases your willpower.
   Stlth:     It makes you more stealthy.
 H - the +0 pair of boots of Mezcal (worn) {Str+8}
   (Okawaru gifted it to you on level 3 of the Shoals)

   Str:       It affects your strength (+8).
 J - the +0 cloak of the Barnacle {rF+ rC+}
   (Okawaru gifted it to you on level 2 of the Vaults)

   rF:        It protects you from fire.
   rC:        It protects you from cold.
 Q - a +2 cloak of willpower (worn)
 T - +0 gold dragon scales
Jewellery
 h - an amulet of reflection
 t - the ring of Ygguon (right hand) {rC+ rN+ Will+ Str+2}
   (You found it on level 5 of the Pits of Slime)

   [ring of protection from cold]

   Str:       It affects your strength (+2).
   rC:        It protects you from cold.
   rN:        It protects you from negative energy.
   Will:      It increases your willpower.
 u - the ring of Lucidity {rC+ EV+5 Dex-4 SInv Stlth+}
   (You took it off a frost giant on level 2 of the Depths)

   [ring of evasion]

   EV:        It affects your evasion (+5).
   Dex:       It affects your dexterity (-4).
   rC:        It protects you from cold.
   SInv:      It lets you see invisible.
   Stlth:     It makes you more stealthy.
 w - an amulet of faith (around neck)
 A - a ring of protection from fire
 F - the amulet of Moderation {Faith Harm Str+8 Int-4 Stlth+}
   (You bought it in a shop on level 3 of the Depths)

   [amulet of faith]

   It allows you to gain divine favour quickly.
   Str:       It affects your strength (+8).
   Int:       It affects your intelligence (-4).
   Harm:      It increases damage dealt and taken.
   Stlth:     It makes you more stealthy.
 L - a ring of protection from fire
 M - the ring of Ru's Grace (left hand) {Wiz Will+ Str+5 Dex+3 SInv}
   (You bought it in a shop on level 13 of the Dungeon)

   [ring of wizardry]

   It improves your spell success rate.
   Str:       It affects your strength (+5).
   Dex:       It affects your dexterity (+3).
   SInv:      It lets you see invisible.
   Will:      It increases your willpower.
 Y - a +5 ring of evasion
Wands
 f - a wand of digging (18)
Scrolls
 b - 2 scrolls of brand weapon
 c - a scroll of enchant armour
 m - 22 scrolls of identify
 q - 11 scrolls of teleportation
Potions
 a - 5 potions of curing
 d - 12 potions of might
 g - 6 potions of haste
 j - 5 potions of mutation
 k - 10 potions of attraction
 n - 5 potions of lignification
 x - a potion of cancellation
 E - 3 potions of magic
 I - 7 potions of enlightenment

Dungeon Overview and Level Annotations

Branches:
Dungeon (15/15)            Temple (1/1) D:4            Lair (5/5) D:11
 Shoals (4/4) Lair:3        Snake (4/4) Lair:2        Slime (5/5) Lair:5
    Orc (2/2) D:11            Elf (0/3) Orc:2        Vaults (5/5) D:13
  Crypt (3/3) Vaults:3       Tomb (2/3) Crypt:3      Depths (4/4) D:15
    Zot (4/5) Depths:4

Altars:
Ashenzari
Cheibriados
Dithmenos
Elyvilon
Fedhas
Gozag
Hepliaklqana
Kikubaaqudgha
Makhleb
Nemelex Xobeh
Okawaru
Qazlal
Ru
Sif Muna
Trog
Uskayaw
Vehumet
Wu Jian
Xom
Yredelemnul
Zin
The Shining One
Jiyva

Shops:
D:13 =   Orc:2 ((=*[   Shoals:2 (   Vaults:2 [   Vaults:4 [   Depths:3 =:=(
Depths:4 ?

Portals:
Hell: Depths:1 Depths:2 Depths:3 Depths:4
Abyss: Depths:1 Depths:3 Depths:4
Pandemonium: Depths:2 Depths:4
Ziggurat: Depths:2
Trove: D:11 (give +5 demon whip)

Annotations:
Lair:5 3 runed translucent doors, qw's ghost, journeyman MiHu
Snake:2 1 runed translucent door, qw's ghost, adept GrFi
Crypt:1 3 runed translucent doors, Jetyrhek's ghost, veteran GrEE
Crypt:3 exclusions: 2 dread liches and 2 liches
Depths:2 exclusions: 2 floating eyes and 2 shining eyes
Depths:3 3 runed translucent doors, qw's ghost, veteran GrFi
Zot:2 2 transporters, qw's ghost, veteran GrHu
Zot:3 1 runed translucent door, Reuno's ghost, veteran GrFi


Message History

You feel extremely nervous for a moment...
Pain shoots through your body!!
You block the emperor scorpion's attack. x2
The emperor scorpion claws you but does no damage.
The royal mummy mumbles some strange words.
The royal mummy casts a spell at you. Something smites you!
The emperor scorpion stings you!
The emperor scorpion claws you but does no damage.
The emperor scorpion misses you.
The emperor scorpion stings you but does no damage.
You block the emperor scorpion's attack. x2
The royal mummy casts a spell at you. Something smites you!
The royal mummy calls on the powers of darkness!
The emperor scorpion convulses! x10; Your body is wracked with pain!
The emperor scorpion stings you.
The emperor scorpion claws you but does no damage. x2
The emperor scorpion stings you but does no damage.
The emperor scorpion claws you but does no damage. x2
The emperor scorpion stings you but does no damage.
The emperor scorpion claws you but does no damage. x2
The death scarab's many legs skitter faintly.
64713 ||| READING 12 scrolls of teleportation.
As you read the scroll of teleportation, it crumbles to dust.
You feel strangely unstable.
You block the emperor scorpion's attack.
The emperor scorpion claws you but does no damage.
You block the emperor scorpion's attack.
The emperor scorpion stings you but does no damage.
The emperor scorpion claws you but does no damage. x2
The emperor scorpion stings you but does no damage.
You block the emperor scorpion's attack.
The emperor scorpion claws you but does no damage.
You block the emperor scorpion's attack.
The emperor scorpion claws you but does no damage.
The emperor scorpion closely misses you.
The royal mummy casts a spell.
The royal mummy points at you and mumbles some strange words.
Something smites you!
You die...

.........##..#...#....#.¤##......
.........####'....s...'####.8...8
.........##......#=.^....##......
.........##......#..w*...##......
.........##...s.Bs.Ms....##.8...8
.........##..sMsM#BBs....##......
.........##..sMsB#MsB...[##......
.........####ssssssMBs'####.8...8
.........# .#.s@#{...#.. #......
.........# #..¤#{...#..###'''''
.........# ##############.....)
.........# #....#..%..#........
.........# #....#.%...#........
.........# #....#.A#..#..8..^..
.........##..#....#..#..#........
.........##.M##''##..#..#........
.........##..#....#..#..#..8...^.


You could see 5 royal mummies, an eldritch tentacle, 17 emperor scorpions, a
guardian mummy and 6 death scarabs.

Vanquished Creatures
  the Royal Jelly (Slime:5)
  Dissolution (Slime:2)
  2 dread liches (Vaults:5)
  An ancient lich (Vaults:5)
  Khufu (Crypt:3)
  An orb of fire (Zot:2)
  13 royal mummies
  Boris (Crypt:3)
  3 Killer Klowns
  Vashnia (Snake:2)
  Saint Roka (Orc:2)
  3 curse toes
  6 golden dragons
  A bone dragon (Crypt:3)
  3 hellephants (Depths:4)
  21 tentacled monstrosities
  Jorgrun (Snake:2)
  5 liches
  3 deep elf blademasters
  12 titans
  5 quicksilver dragons
  8 death cobs
  A deep elf master archer (Tomb:1)
  A kraken (Shoals:3)
  11 ancient champions
  13 acid blobs
  Agnes (Snake:2)
  Polyphemus (Shoals:2)
  13 shadow dragons
  Donald (Snake:2)
  4 tengu reavers
  13 storm dragons
  9 sphinxes
  9 azure jellies (Slime:5)
  7 draconian monks
  5 nagarajas (Snake:4)
  3 revenants
  3 draconian knights
  16 frost giants
  Ilsuiw (Shoals:4)
  13 fire giants
  10 rockslimes
  21 vault wardens
  Louise (D:14)
  3 iron dragons (Vaults:5)
  2 ghost moths
  5 ghouls
  5 orc warlords
  A balrug (Zot:1)
  11 draconian annihilators
  Aizul (Snake:1)
  A deep elf sorcerer (Tomb:1)
  5 draconian scorchers
  4 war gargoyles
  A draconian stormcaller (Zot:4)
  18 ironbound preservers
  5 draconian shifters
  2 formless jellyfish
  3 reapers
  A juggernaut skeleton (Crypt:2)
  3 curse skulls
  10 quicksilver oozes
  9 very ugly things
  2 spriggan defenders (Depths:3)
  8 ironbound thunderhulks
  24 stone giants
  5 vampire knights
  3 bennus (Tomb:2)
  3 deep elf demonologists (Vaults:5)
  13 green draconians
  A red draconian (shapeshifter) (Zot:1)
  10 black draconians
  3 dire elephants (Vaults:1)
  A lorocyproca (Depths:2)
  19 white draconians
  20 purple draconians
  9 spark wasps
  2 deep elf annihilators (Zot:1)
  2 white draconians (shapeshifter) (Zot:1)
  A yellow draconian (Zot:2)
  9 ettins
  8 red draconians
  2 eidola (Crypt:1)
  8 deep elf death magi
  13 fire dragons
  2 jiangshi (Crypt:3)
  A deep elf high priest (Vaults:3)
  18 merfolk impalers
  A crystal guardian (Vaults:4)
  7 merfolk javelineers (Shoals:4)
  13 mummy priests
  9 great orbs of eyes
  13 yaktaur captains
  Fannar (Lair:3)
  Josephine (Orc:1)
  A spriggan zombie (Tomb:2)
  An entropy weaver (Vaults:3)
  A hydra (shapeshifter) (Depths:1)
  A spriggan air mage (Depths:2)
  An ogre mage (Vaults:3)
  8 ice dragons
  2 peacekeepers
  39 vault guards
  2 merfolk avatars (Shoals:1)
  An anaconda (shapeshifter) (Vaults:5)
  2 salamander tyrants (Snake:4)
  6 hydras
  8 ironbound frosthearts
  A fenstrider witch skeleton (Crypt:1)
  2 catoblepae
  4 rakshasas
  14 centaur warriors
  5 boulder beetles
  2 alligator snapping turtles (Shoals:4)
  A dancing weapon (Vaults:5)
  23 death yaks
  4 deep troll shamans
  5 death knights
  7 merfolk aquamancers
  5 two-headed ogres
  6 anacondas
  23 death scarabs (Tomb:1)
  8 vampire magi
  9 tengu warriors
  12 deep troll earth magi
  5 hell hogs (Depths:4)
  6 shock serpents
  11 naga sharpshooters
  An emperor scorpion zombie (Crypt:1)
  2 orc high priests
  2 soul eaters
  9 naga warriors
  A shock serpent (shapeshifter) (Vaults:5)
  10 deep elf knights
  3 spriggan berserkers
  8 iron trolls
  4 salamander mystics (Snake:4)
  4 hell knights
  A goliath frog (shapeshifter) (Vaults:5)
  Amaemon (Lair:2)
  4 shadow wraiths
  A sixfirhy (Depths:2)
  31 skeletal warriors
  A fire crab (Lair:5)
  9 sea snakes
  6 skysharks
  An anaconda zombie (Tomb:1)
  47 deep trolls
  2 glowing orange brains
  8 naga ritualists
  21 ironbound convokers
  A fenstrider witch simulacrum (Crypt:2)
  2 kraken simulacra (Shoals:4)
  4 flayed ghosts
  6 deep elf archers
  7 wizards
  3 bog bodies
  4 phantasmal warriors
  A tengu zombie (Vaults:4)
  Pikel (D:4)
  21 harpies
  9 deep elf zephyrmancers
  13 orc knights
  5 lindwurms
  A swamp dragon (shapeshifter) (D:15)
  11 necromancers
  3 sphinx zombies
  A shadow dragon zombie (D:15)
  A harpy (shapeshifter) (Vaults:5)
  8 mana vipers
  A wolf spider (D:14)
  7 deep elf pyromancers
  A fire giant zombie (D:15)
  2 tengu skeletons
  12 cyclopes
  57 ugly things
  2 shining eyes
  14 salamanders
  16 manticores
  4 orc sorcerers
  10 fauns
  A frost giant skeleton (D:15)
  A rust devil (Depths:2)
  2 centaur zombies
  24 moths of wrath
  45 black mambas
  6 elephants (Lair:3)
  7 merfolk sirens
  21 vault sentinels
  7 guardian serpents
  Maurice (Orc:2)
  An ice statue (Lair:2)
  A stone giant skeleton (Tomb:1)
  15 naga magi
  4 water nymphs
  An apocalypse crab (Zot:1)
  A fire giant skeleton (Crypt:2)
  3 molten gargoyles (Lair:5)
  3 gargoyles
  11 cane toads
  An orange demon (Lair:2)
  An eye of devastation (Slime:5)
  2 smoke demons
  A green draconian zombie (Crypt:3)
  4 kobold demonologists
  24 yaktaurs
  A death yak zombie (Crypt:2)
  3 ice devils
  A yaktaur (shapeshifter) (Vaults:5)
  8 rime drakes
  A bunyip simulacrum (Crypt:1)
  9 komodo dragons
  A rime drake (shapeshifter) (D:13)
  2 tengu conjurers
  11 freezing wraiths
  5 harpy zombies (Zot:1)
  An anaconda simulacrum (Lair:2)
  A sea snake skeleton (Crypt:2)
  24 guardian mummies
  A red devil (Depths:4)
  6 meliai (D:14)
  35 merfolk
  5 polar bears
  9 trolls
  3 hornets
  3 hellwings
  3 raiju (Zot:1)
  8 wind drakes
  A tarantella zombie (Crypt:2)
  Grinder (D:4)
  17 dream sheep
  10 snapping turtles
  A stone giant simulacrum (Vaults:1)
  2 shadows
  58 slime creatures
  10 flying skulls
  29 yaks
  A spriggan (Depths:3)
  A dire elephant simulacrum (Lair:2)
  2 vampires
  7 wyverns
  11 basilisks
  3 ushabtiu (Tomb:2)
  12 wraiths
  15 water elementals
  A black mamba skeleton (Crypt:2)
  A neqoxec (Depths:2)
  2 redbacks (Vaults:3)
  4 golden eyes (Slime:5)
  A human simulacrum (Vaults:1)
  A chaos spawn (Depths:2)
  A yaktaur simulacrum (Vaults:1)
  6 vampire mosquitoes
  A wind drake skeleton (Crypt:1)
  Menkaure (D:5)
  2 steam dragons
  4 wargs
  28 nagas
  3 redbacks (shapeshifter)
  Edmund (D:4)
  A merfolk zombie (Crypt:2)
  A harpy simulacrum (Crypt:1)
  4 acid dragons
  A skyshark zombie (Crypt:2)
  5 hell hounds
  A floating eye (Depths:2)
  17 water moccasins
  2 black bears (Lair:4)
  32 orc warriors
  A black bear (shapeshifter) (Vaults:5)
  2 ice beasts (D:6)
  2 sky beasts
  A dream sheep zombie (Crypt:2)
  19 wolves
  9 ogres
  8 boggarts
  A lindwurm skeleton (Crypt:1)
  6 centaurs
  A swamp dragon skeleton (Crypt:1)
  5 phantoms
  Blork the orc (D:4)
  9 kobold brigands
  2 hog skeletons
  A yaktaur zombie (Crypt:1)
  3 gnoll sergeants
  15 bullfrogs
  7 scorpions
  A necrophage (Crypt:1)
  A two-headed ogre simulacrum (Lair:2)
  19 wights
  14 killer bees
  2 electric eels (Lair:1)
  5 howler monkeys
  2 jellies
  7 lava snakes
  11 orc priests
  A hound (D:7)
  Jessica (D:3)
  4 sleepcaps
  23 orc wizards
  12 hell rats
  3 iguanas
  A polar bear simulacrum (Lair:2)
  A troll simulacrum (Lair:2)
  28 mummies
  4 gnolls (Orc:1)
  5 adders
  2 river rats (D:11)
  A steam dragon skeleton (Crypt:1)
  2 shadow imps (D:4)
  7 white imps
  3 ufetubi (D:4)
  A worm zombie (Crypt:1)
  A lava snake zombie (Crypt:1)
  A worm (D:2)
  2 dart slugs
  53 orcs
  4 bats
  9 endoplasms
  4 giant cockroaches
  8 hobgoblins
  4 quokkas
  9 ball pythons
  3 frilled lizards
  12 goblins
  36 kobolds
  7 rats
  A river rat zombie (Crypt:3)
  A butterfly (Zot:1)
  2 tentacles (Shoals:3)
2246 creatures vanquished.

Vanquished Creatures (collateral kills)
  Mennas (Tomb:2)
  Xtahua (Crypt:3)
  A titan (Tomb:1)
  2 deep elf master archers
  An ancient champion (Crypt:3)
  A fire giant (Crypt:3)
  A frost giant (Tomb:1)
  A juggernaut zombie (Tomb:2)
  A bennu (Tomb:2)
  A red draconian (Tomb:1)
  3 jiangshi (Crypt:3)
  A mummy priest (Tomb:2)
  A fenstrider witch zombie (Crypt:3)
  2 death scarabs (Tomb:1)
  2 vampire magi
  A deep elf knight (Tomb:1)
  A skeletal warrior (Crypt:3)
  2 deep elf archers
  A stone giant skeleton (Crypt:3)
  A black draconian zombie (Crypt:3)
  A naga skeleton (Crypt:2)
  A guardian mummy (Tomb:2)
  2 flying skulls (Tomb:1)
  A naga simulacrum (Crypt:2)
  2 mummies
  A jackal skeleton (Crypt:3)
34 creatures vanquished.

Vanquished Creatures (others)
  A fire giant (Depths:2)
  Erica (D:9)
  A deep elf zephyrmancer (Tomb:2)
  2 orc wizards (Orc:2)
  24 tentacles
29 creatures vanquished.

Grand Total: 2309 creatures vanquished

Notes
Turn   | Place    | Note
-------+----------+-------------------------------------------
     0 | D:1      | qw the Gargoyle Fighter began the quest for the Orb.
     0 | D:1      | Reached XP level 1. HP: 14/14 MP: 1/1
     0 | D:1      | 0 ||| qw: Version: 0.3-a-40-ge99b1a8
     0 | D:1      | 0 ||| qw: Game counter: 670
     0 | D:1      | 0 ||| qw: Melee chars always use a shield: true
     0 | D:1      | 0 ||| qw: God list: Okawaru
     0 | D:1      | 0 ||| qw: Allow faded altars: false
     0 | D:1      | 0 ||| qw: Do Orc after clearing Dungeon:15 true
     0 | D:1      | 0 ||| qw: Do second Lair branch before Depths: true
     0 | D:1      | 0 ||| qw: Lair rune preference: random
     0 | D:1      | 0 ||| qw: Goals: Normal, Zot:1-4, Slime:5, God:TSO, Crypt,
                  | Tomb, Abyss, Pan, Hells, Win
     0 | D:1      | 0 ||| PLANNING D:1-11
    62 | D:1      | 62 ||| Stepping ~*~*~tactically~*~*~ (stealth).
   119 | D:1      | Reached XP level 2. HP: 19/19 MP: 2/2
   193 | D:1      | 193 ||| Stepping ~*~*~tactically~*~*~ (stealth).
   195 | D:1      | Found a faded altar of an unknown god.
   433 | D:1      | Reached skill level 3 in Axes
   490 | D:1      | 490 ||| DROPPING +0 club.
   503 | D:1      | Reached XP level 3. HP: 21/23 MP: 3/3
   647 | D:2      | Found a shimmering altar of Xom.
   790 | D:2      | 790 ||| Stepping ~*~*~tactically~*~*~ (stealth).
   797 | D:2      | 797 ||| Stepping ~*~*~tactically~*~*~ (stealth).
   804 | D:2      | 804 ||| Stepping ~*~*~tactically~*~*~ (stealth).
   998 | D:2      | 998 ||| Stepping ~*~*~tactically~*~*~ (stealth).
  1065 | D:2      | Reached XP level 4. HP: 28/28 MP: 4/4
  1325 | D:2      | 1325 ||| UPGRADING to +0 chain mail.
  1335 | D:2      | 1335 ||| DROPPING +0 scale mail.
  1336 | D:2      | 1336 ||| UPGRADING to +0 pair of gloves.
  1341 | D:2      | 1341 ||| READING scroll labelled QIUBLU ATEOMO.
  1342 | D:2      | 1342 ||| READING 2 scrolls labelled NIPPE BUNIL.
  1378 | D:3      | Found a blossoming altar of Fedhas.
  1381 | D:3      | Found a stormy altar of Qazlal.
  1834 | D:3      | 1834 ||| DROPPING +0 mace.
  1841 | D:3      | Noticed Jessica
  1848 | D:3      | Killed Jessica
  1849 | D:3      | Reached XP level 5. HP: 32/32 MP: 5/5
  1942 | D:3      | Found a shimmering blue altar of Sif Muna.
  1997 | D:3      | 1997 ||| UPGRADING to +0 pair of boots.
  2002 | D:3      | 2002 ||| UPGRADING to +1 hat.
  2007 | D:3      | 2007 ||| READING scroll labelled ONYAXO HIARIC.
  2010 | D:3      | 2010 ||| READING scroll labelled VEVEST BEGI.
  2111 | D:3      | 2111 ||| READING 2 scrolls labelled OHONION CIMO.
  2112 | D:3      | 2112 ||| READING scroll labelled TAFYPO IQUOLIP.
  2113 | D:3      | 2113 ||| READING scroll labelled UMNONT KANIU.
  2114 | D:3      | 2114 ||| DRINKING 3 fizzy red potions.
  2115 | D:3      | 2115 ||| DRINKING 2 bubbling coppery potions.
  2116 | D:3      | 2116 ||| READING 5 scrolls of identify.
  2116 | D:3      | 2116 ||| IDENTIFYING coppery potion
  2117 | D:3      | 2117 ||| READING 4 scrolls of identify.
  2117 | D:3      | 2117 ||| IDENTIFYING bubbling cyan potion
  2118 | D:3      | 2118 ||| READING 3 scrolls of identify.
  2118 | D:3      | 2118 ||| IDENTIFYING puce potion
  2119 | D:3      | 2119 ||| READING 2 scrolls of identify.
  2119 | D:3      | 2119 ||| IDENTIFYING silvery potion
  2120 | D:3      | 2120 ||| DROPPING potion of brilliance.
  2121 | D:3      | 2121 ||| DROPPING scroll of amnesia.
  2312 | D:4      | 2312 ||| Stepping ~*~*~tactically~*~*~ (stealth).
  2329 | D:4      | Reached skill level 4 in Fighting
  2329 | D:4      | Reached XP level 6. HP: 39/39 MP: 6/6
  2378 | D:4      | Noticed Grinder
  2383 | D:4      | Paralysed by Grinder for 3 turns
  2394 | D:4      | Paralysed by Grinder for 5 turns
  2397 | D:4      | HP: 9/39 [Grinder (2)]
  2399 | D:4      | Found a burning altar of Makhleb.
  2401 | D:4      | HP: 3/39 [Grinder (8)]
  2402 | D:4      | 2402 ||| DRINKING potion of heal wounds.
  2412 | D:4      | Killed Grinder
  2413 | D:4      | Reached skill level 6 in Axes
  2532 | D:4      | Found a staircase to the Ecumenical Temple.
  2533 | D:4      | 2533 ||| PLANNING TEMPLE
  2533 | D:4      | 2533 ||| READING 3 scrolls of identify.
  2533 | D:4      | 2533 ||| IDENTIFYING pink potion
  2534 | D:4      | 2534 ||| READING 2 scrolls of identify.
  2534 | D:4      | 2534 ||| IDENTIFYING fizzy clear potion
  2535 | D:4      | 2535 ||| DROPPING potion of berserk rage.
  2544 | Temple   | Entered the Ecumenical Temple
  2577 | Temple   | 2577 ||| PLANNING OKAWARU WORSHIP
  2592 | Temple   | Became a worshipper of Warmaster Okawaru
  2593 | Temple   | 2593 ||| PLANNING D:1-11
  2689 | D:4      | Identified the +5 scale mail "Jukleg Zeext" {rF+ Str+3
                  | Int+2 SInv}
  2721 | D:4      | Noticed a green death
  2725 | D:4      | Noticed a neqoxec
  2725 | D:4      | Noticed a ynoxinul
  2818 | D:4      | Noticed Pikel
  2819 | D:4      | 2819 ||| Stepping ~*~*~tactically~*~*~ (stealth).
  2821 | D:4      | 2821 ||| Stepping ~*~*~tactically~*~*~ (stealth).
  2837 | D:4      | Killed Pikel
  2837 | D:4      | Reached * piety under Okawaru
  2838 | D:4      | Reached XP level 7. HP: 30/44 MP: 7/7
  2838 | D:4      | Reached XP level 8. HP: 33/48 MP: 8/8
  2948 | D:4      | Reached skill level 1 in Invocations
  2951 | D:4      | 2951 ||| Stepping ~*~*~tactically~*~*~ (hiding).
  2966 | D:4      | 2966 ||| INVOKING Heroism.
  2984 | D:4      | 2984 ||| Stepping ~*~*~tactically~*~*~ (hiding).
  2990 | D:4      | 2990 ||| INVOKING Heroism.
  3024 | D:4      | 3024 ||| FLEEEEING.
  3231 | D:4      | Noticed Blork the orc
  3232 | D:4      | 3232 ||| INVOKING Heroism.
  3238 | D:4      | Killed Blork the orc
  3293 | D:4      | Noticed Edmund
  3294 | D:4      | 3294 ||| Stepping ~*~*~tactically~*~*~ (stealth).
  3359 | D:4      | 3359 ||| INVOKING Heroism.
  3377 | D:4      | 3377 ||| INVOKING Heroism.
  3380 | D:4      | Killed Edmund
  3381 | D:4      | Reached skill level 3 in Invocations
  3436 | D:4      | 3436 ||| DROPPING +0 flail.
  3593 | D:4      | 3593 ||| UPGRADING to +5 scale mail "Jukleg Zeext" {rF+
                  | Str+3 Int+2 SInv}.
  3603 | D:4      | 3603 ||| DROPPING +0 chain mail.
  3604 | D:4      | 3604 ||| DROPPING amulet of magic regeneration.
  3605 | D:4      | 3605 ||| READING scroll labelled BOSUOTSUZI.
  3605 | D:4      | Identified a scroll of acquirement
  3605 | D:4      | 3605 ||| ACQUIRING 1044 gold pieces
  3605 | D:4      | Acquired 1044 gold pieces
  3607 | D:4      | 3607 ||| READING scroll labelled MECUCK APHEI.
  3641 | D:5      | Entered Level 5 of the Dungeon
  3785 | D:5      | Found a radiant altar of Vehumet.
  3954 | D:5      | Reached skill level 5 in Fighting
  4249 | D:5      | 4249 ||| UPGRADING to +0 helmet.
  4259 | D:5      | 4259 ||| DROPPING +1 hat.
  4260 | D:5      | 4260 ||| DRINKING 3 glowing coppery potions.
  4261 | D:5      | 4261 ||| DROPPING 2 potions of degeneration.
  4494 | D:5      | Noticed Menkaure
  4495 | D:5      | 4495 ||| INVOKING Heroism.
  4504 | D:5      | Killed Menkaure
  4505 | D:5      | Reached XP level 9. HP: 39/54 MP: 10/12
  4535 | D:5      | 4535 ||| FLEEEEING.
  4640 | D:5      | 4640 ||| READING scroll labelled DUAKER EPOL.
  4724 | D:6      | 4724 ||| Stepping ~*~*~tactically~*~*~ (stealth).
  4726 | D:6      | 4726 ||| Stepping ~*~*~tactically~*~*~ (hiding).
  4727 | D:6      | 4727 ||| Stepping ~*~*~tactically~*~*~ (hiding).
  4728 | D:6      | 4728 ||| Stepping ~*~*~tactically~*~*~ (hiding).
  4729 | D:6      | 4729 ||| Stepping ~*~*~tactically~*~*~ (hiding).
  4730 | D:6      | 4730 ||| Stepping ~*~*~tactically~*~*~ (hiding).
  4732 | D:6      | 4732 ||| INVOKING Heroism.
  4752 | D:6      | 4752 ||| Stepping ~*~*~tactically~*~*~ (hiding).
  4753 | D:6      | 4753 ||| Stepping ~*~*~tactically~*~*~ (hiding).
  4754 | D:6      | 4754 ||| Stepping ~*~*~tactically~*~*~ (hiding).
  4756 | D:6      | 4756 ||| Stepping ~*~*~tactically~*~*~ (hiding).
  4757 | D:6      | 4757 ||| Stepping ~*~*~tactically~*~*~ (hiding).
  4847 | D:6      | Reached skill level 6 in Fighting
  4901 | D:6      | 4901 ||| INVOKING Heroism.
  5041 | D:6      | Reached ** piety under Okawaru
  5170 | D:6      | 5170 ||| Stepping ~*~*~tactically~*~*~ (hiding).
  5216 | D:6      | 5216 ||| INVOKING Heroism.
  5230 | D:6      | Reached skill level 9 in Axes
  5707 | D:6      | Reached skill level 7 in Fighting
  5737 | D:6      | 5737 ||| READING scroll labelled NEC YKKAPUXECW.
  5738 | D:6      | 5738 ||| READING 4 scrolls labelled UWUPNUTZAD.
  5739 | D:6      | 5739 ||| READING 3 scrolls of enchant weapon.
  5739 | D:6      | 5739 ||| ENCHANTING +1 war axe.
  5740 | D:6      | 5740 ||| READING 2 scrolls of enchant weapon.
  5740 | D:6      | 5740 ||| ENCHANTING +2 war axe.
  5741 | D:6      | 5741 ||| READING scroll of enchant weapon.
  5741 | D:6      | 5741 ||| ENCHANTING +3 war axe.
  5742 | D:6      | 5742 ||| READING scroll labelled EWNI LYDWUGUMU.
  5804 | D:7      | 5804 ||| INVOKING Heroism.
  5880 | D:7      | 5880 ||| Stepping ~*~*~tactically~*~*~ (hiding).
  5881 | D:7      | 5881 ||| Stepping ~*~*~tactically~*~*~ (hiding).
  5882 | D:7      | 5882 ||| Stepping ~*~*~tactically~*~*~ (hiding).
  5891 | D:7      | Reached XP level 10. HP: 63/63 MP: 13/13
  5901 | D:7      | 5901 ||| Stepping ~*~*~tactically~*~*~ (stealth).
  6005 | D:7      | 6005 ||| INVOKING Heroism.
  6307 | D:7      | 6307 ||| Stepping ~*~*~tactically~*~*~ (stealth).
  6309 | D:7      | 6309 ||| Stepping ~*~*~tactically~*~*~ (hiding).
  6418 | D:7      | 6418 ||| Stepping ~*~*~tactically~*~*~ (hiding).
  6582 | D:7      | 6582 ||| Stepping ~*~*~tactically~*~*~ (hiding).
  6585 | D:7      | 6585 ||| INVOKING Heroism.
  6859 | D:7      | 6859 ||| READING scroll labelled MIQOIH BEASY.
  6860 | D:7      | 6860 ||| READING 8 scrolls of identify.
  6860 | D:7      | 6860 ||| IDENTIFYING viscous orange potion
  6861 | D:7      | 6861 ||| DROPPING potion of invisibility.
  6928 | D:8      | Found an opulent altar of Gozag.
  7009 | D:8      | Reached skill level 8 in Fighting
  7025 | D:8      | Reached *** piety under Okawaru
  7057 | D:8      | 7057 ||| INVOKING Heroism.
  7101 | D:8      | 7101 ||| Stepping ~*~*~tactically~*~*~ (hiding).
  7104 | D:8      | 7104 ||| Stepping ~*~*~tactically~*~*~ (hiding).
  7149 | D:8      | 7149 ||| Stepping ~*~*~tactically~*~*~ (stealth).
  7150 | D:8      | 7150 ||| Stepping ~*~*~tactically~*~*~ (stealth).
  7151 | D:8      | 7151 ||| Stepping ~*~*~tactically~*~*~ (stealth).
  7152 | D:8      | 7152 ||| INVOKING Heroism.
  7158 | D:8      | 7158 ||| DRINKING 5 potions of curing.
  7158 | D:8      | 7158 ||| (to cure confusion)
  7309 | D:8      | 7309 ||| Stepping ~*~*~tactically~*~*~ (stealth).
  7356 | D:8      | 7356 ||| Stepping ~*~*~tactically~*~*~ (stealth).
  7362 | D:8      | 7362 ||| Stepping ~*~*~tactically~*~*~ (hiding).
  7369 | D:8      | 7369 ||| Stepping ~*~*~tactically~*~*~ (hiding).
  7396 | D:8      | 7396 ||| DROPPING +5 flail of protection.
  7495 | D:8      | 7495 ||| READING scroll of enchant weapon.
  7495 | D:8      | 7495 ||| ENCHANTING +4 war axe.
  7770 | D:8      | 7770 ||| UPGRADING to +0 cloak.
  7775 | D:8      | 7775 ||| READING 8 scrolls of identify.
  7775 | D:8      | 7775 ||| IDENTIFYING golden potion
  7819 | D:9      | 7819 ||| Stepping ~*~*~tactically~*~*~ (hiding).
  7965 | D:9      | Noticed a two-headed ogre
  7966 | D:9      | 7966 ||| INVOKING Heroism.
  7974 | D:9      | Killed a two-headed ogre
  8001 | D:9      | 8001 ||| Stepping ~*~*~tactically~*~*~ (stealth).
  8008 | D:9      | 8008 ||| Stepping ~*~*~tactically~*~*~ (stealth).
  8022 | D:9      | 8022 ||| INVOKING Heroism.
  8027 | D:9      | Reached XP level 11. HP: 38/69 MP: 11/14
  8253 | D:9      | 8253 ||| Stepping ~*~*~tactically~*~*~ (hiding).
  8254 | D:9      | Noticed Erica
  8255 | D:9      | 8255 ||| INVOKING Heroism.
  8263 | D:9      | Reached skill level 1 in Throwing
  8265 | D:9      | Killed Erica
  8266 | D:9      | Reached skill level 9 in Fighting
  8275 | D:9      | Noticed a centaur warrior
  8279 | D:9      | Reached skill level 6 in Armour
  8282 | D:9      | 8282 ||| INVOKING Heroism.
  8290 | D:9      | Killed a centaur warrior
  8290 | D:9      | Reached **** piety under Okawaru
  8570 | D:9      | 8570 ||| Stepping ~*~*~tactically~*~*~ (hiding).
  8572 | D:9      | 8572 ||| Stepping ~*~*~tactically~*~*~ (hiding).
  8573 | D:9      | 8573 ||| Stepping ~*~*~tactically~*~*~ (hiding).
  9057 | D:9      | 9057 ||| UPGRADING to +0 kite shield.
  9067 | D:9      | 9067 ||| DROPPING +0 buckler.
  9068 | D:9      | 9068 ||| READING scroll labelled YXKOXK SOIJECSU.
  9104 | D:10     | Entered Level 10 of the Dungeon
  9110 | D:10     | 9110 ||| Stepping ~*~*~tactically~*~*~ (hiding).
  9153 | D:10     | Noticed a two-headed ogre
  9154 | D:10     | 9154 ||| INVOKING Heroism.
  9161 | D:10     | Killed a two-headed ogre
  9204 | D:10     | Noticed a tengu warrior
  9216 | D:10     | 9216 ||| INVOKING Heroism.
  9219 | D:10     | Killed a tengu warrior
  9219 | D:10     | Received a gift from Okawaru
  9220 | D:10     | Reached skill level 6 in Shields
  9220 | D:10     | 9220 ||| FLEEEEING.
  9221 | D:10     | 9221 ||| FLEEEEING.
  9222 | D:10     | 9222 ||| FLEEEEING.
  9223 | D:10     | 9223 ||| FLEEEEING.
  9224 | D:10     | 9224 ||| STAIRDANCE
  9516 | D:10     | Found a sacrificial altar of Ru.
  9564 | D:10     | Noticed a two-headed ogre
  9565 | D:10     | 9565 ||| INVOKING Heroism.
  9574 | D:10     | Killed a two-headed ogre
  9575 | D:10     | Reached skill level 6 in Invocations
  9719 | D:10     | Found a flagged portal.
  9941 | D:10     | 9941 ||| INVOKING Heroism.
  9955 | D:10     | Received a gift from Okawaru
  9985 | D:10     | 9985 ||| DROPPING ring of magical power.
 10054 | D:11     | Noticed a cyclops
 10055 | D:11     | 10055 ||| Stepping ~*~*~tactically~*~*~ (hiding).
 10063 | D:11     | 10063 ||| INVOKING Heroism.
 10070 | D:11     | Killed a cyclops
 10242 | D:11     | 10242 ||| READING scroll of enchant armour.
 10242 | D:11     | 10242 ||| ENCHANTING +0 pair of gloves.
 10266 | D:11     | 10266 ||| Stepping ~*~*~tactically~*~*~ (hiding).
 10272 | D:11     | 10272 ||| INVOKING Heroism.
 10292 | D:11     | Noticed a boulder beetle
 10301 | D:11     | 10301 ||| INVOKING Heroism.
 10328 | D:11     | Killed a boulder beetle
 10329 | D:11     | Reached XP level 12. HP: 41/76 MP: 17/17
 10491 | D:11     | Found a portal to a secret trove of treasure.
 10522 | D:11     | Noticed a death yak
 10523 | D:11     | 10523 ||| INVOKING Heroism.
 10547 | D:11     | Killed a death yak
 10555 | D:11     | 10555 ||| Stepping ~*~*~tactically~*~*~ (stealth).
 10555 | D:11     | Noticed a death yak
 10556 | D:11     | 10556 ||| INVOKING Heroism.
 10560 | D:11     | Noticed a death yak
 10565 | D:11     | Killed a death yak
 10568 | D:11     | 10568 ||| Stepping ~*~*~tactically~*~*~ (hiding).
 10579 | D:11     | Killed a death yak
 10580 | D:11     | Reached skill level 9 in Shields
 10651 | D:11     | Found a staircase to the Lair.
 10772 | D:11     | 10772 ||| INVOKING Heroism.
 10777 | D:11     | Reached ***** piety under Okawaru
 10830 | D:11     | 10830 ||| Stepping ~*~*~tactically~*~*~ (stealth).
 10834 | D:11     | 10834 ||| INVOKING Heroism.
 10908 | D:11     | Reached skill level 9 in Invocations
 10927 | D:11     | 10927 ||| Stepping ~*~*~tactically~*~*~ (stealth).
 10928 | D:11     | 10928 ||| Stepping ~*~*~tactically~*~*~ (stealth).
 10934 | D:11     | Noticed a fire dragon
 10935 | D:11     | 10935 ||| INVOKING Heroism.
 10954 | D:11     | Killed a fire dragon
 10964 | D:11     | 10964 ||| FLEEEEING.
 10965 | D:11     | 10965 ||| INVOKING Heroism.
 10972 | D:11     | a swamp dragon changed into a two-headed ogre
 10972 | D:11     | Noticed a two-headed ogre (glowing shapeshifter)
 10975 | D:11     | a two-headed ogre changed into a redback
 11118 | D:11     | 11118 ||| INVOKING Heroism.
 11282 | D:11     | Found a staircase to the Orcish Mines.
 11284 | D:11     | 11284 ||| Stepping ~*~*~tactically~*~*~ (stealth).
 11286 | D:11     | 11286 ||| Stepping ~*~*~tactically~*~*~ (stealth).
 11288 | D:11     | 11288 ||| Stepping ~*~*~tactically~*~*~ (stealth).
 11290 | D:11     | 11290 ||| Stepping ~*~*~tactically~*~*~ (stealth).
 11292 | D:11     | 11292 ||| Stepping ~*~*~tactically~*~*~ (hiding).
 11296 | D:11     | 11296 ||| INVOKING Heroism.
 11324 | D:11     | Reached skill level 12 in Axes
 11338 | D:11     | 11338 ||| FLEEEEING.
 11339 | D:11     | 11339 ||| FLEEEEING.
 11341 | D:11     | 11341 ||| FLEEEEING.
 11342 | D:11     | 11342 ||| FLEEEEING.
 11343 | D:11     | 11343 ||| FLEEEEING.
 11344 | D:11     | 11344 ||| FLEEEEING.
 11354 | D:11     | 11354 ||| FLEEEEING.
 11361 | D:11     | 11361 ||| FLEEEEING.
 11363 | D:11     | 11363 ||| FLEEEEING.
 11364 | D:11     | 11364 ||| FLEEEEING.
 11365 | D:11     | 11365 ||| FLEEEEING.
 11376 | D:11     | 11376 ||| FLEEEEING.
 11377 | D:11     | 11377 ||| FLEEEEING.
 11378 | D:11     | 11378 ||| FLEEEEING.
 11382 | D:11     | 11382 ||| FLEEEEING.
 11383 | D:11     | 11383 ||| FLEEEEING.
 11387 | D:11     | 11387 ||| STAIRDANCE
 11493 | D:10     | 11493 ||| UPGRADING to +2 pair of gloves.
 11503 | D:10     | 11503 ||| DROPPING +1 pair of gloves.
 11504 | D:10     | 11504 ||| DROPPING +1 hat.
 11505 | D:10     | 11505 ||| UPGRADING to amulet of faith.
 11510 | D:10     | 11510 ||| READING 12 scrolls of identify.
 11510 | D:10     | 11510 ||| IDENTIFYING bubbling purple potion
 11511 | D:10     | 11511 ||| DRINKING potion of experience.
 11511 | D:10     | Reached XP level 13. HP: 80/80 MP: 20/20
 11514 | D:11     | 11514 ||| INVOKING Heroism.
 11619 | D:11     | 11619 ||| Stepping ~*~*~tactically~*~*~ (stealth).
 11623 | D:11     | 11623 ||| Stepping ~*~*~tactically~*~*~ (hiding).
 11626 | D:11     | 11626 ||| Stepping ~*~*~tactically~*~*~ (hiding).
 11627 | D:11     | 11627 ||| INVOKING Heroism.
 11719 | D:11     | 11719 ||| Stepping ~*~*~tactically~*~*~ (hiding).
 11760 | D:11     | Reached skill level 10 in Fighting
 11834 | D:11     | 11834 ||| Stepping ~*~*~tactically~*~*~ (stealth).
 11975 | D:11     | 11975 ||| PLANNING LAIR
 11975 | D:11     | 11975 ||| UPGRADING to scarf of resistance.
 12008 | Lair:1   | Entered Level 1 of the Lair of Beasts
 12283 | Lair:1   | 12283 ||| Stepping ~*~*~tactically~*~*~ (stealth).
 12285 | Lair:1   | 12285 ||| Stepping ~*~*~tactically~*~*~ (stealth).
 12286 | Lair:1   | 12286 ||| Stepping ~*~*~tactically~*~*~ (stealth).
 12289 | Lair:1   | 12289 ||| Stepping ~*~*~tactically~*~*~ (stealth).
 12291 | Lair:1   | Received a gift from Okawaru
 12292 | Lair:1   | Gained mutation: Your large and strong wings let you fly.
                  | [Gargoyle growth]
 12292 | Lair:1   | Reached XP level 14. HP: 88/88 MP: 21/21
 12292 | Lair:1   | 12292 ||| Stepping ~*~*~tactically~*~*~ (stealth).
 12416 | Lair:1   | 12416 ||| Stepping ~*~*~tactically~*~*~ (hiding).
 13193 | Lair:2   | 13193 ||| INVOKING Heroism.
 13194 | Lair:2   | 13194 ||| INVOKING Finesse.
 13243 | Lair:2   | 13243 ||| READING scroll of enchant weapon.
 13243 | Lair:2   | 13243 ||| ENCHANTING +5 war axe.
 13305 | Lair:2   | 13305 ||| INVOKING Heroism.
 13306 | Lair:2   | 13306 ||| INVOKING Finesse.
 13323 | Lair:2   | Received a gift from Okawaru
 13331 | Lair:2   | HP: 21/88 [death yak (6)]
 13332 | Lair:2   | 13332 ||| READING 5 scrolls of teleportation.
 13333 | Lair:2   | 13333 ||| DRINKING 2 potions of heal wounds.
 13334 | Lair:2   | 13334 ||| DRINKING potion of heal wounds.
 13334 | Lair:2   | Found a staircase to the Snake Pit.
 13349 | Lair:2   | HP: 18/88 [lava snake/glob of lava (6)]
 13350 | Lair:2   | 13350 ||| READING 4 scrolls of teleportation.
 13353 | Lair:2   | 13353 ||| INVOKING Heroism.
 13354 | Lair:2   | 13354 ||| READING 3 scrolls of teleportation.
 13355 | Lair:2   | HP: 14/88 [white imp/puff of frost (6)]
 13357 | Lair:2   | HP: 4/88 [cane toad (11)]
 13679 | Lair:2   | 13679 ||| INVOKING Heroism.
 13744 | Lair:2   | 13744 ||| FLEEEEING.
 13745 | Lair:2   | 13745 ||| FLEEEEING.
 13746 | Lair:2   | 13746 ||| FLEEEEING.
 13747 | Lair:2   | 13747 ||| FLEEEEING.
 13748 | Lair:2   | 13748 ||| FLEEEEING.
 13749 | Lair:2   | 13749 ||| FLEEEEING.
 13762 | Lair:2   | 13762 ||| FLEEEEING.
 13763 | Lair:2   | 13763 ||| FLEEEEING.
 13764 | Lair:2   | 13764 ||| FLEEEEING.
 13777 | Lair:2   | 13777 ||| FLEEEEING.
 13778 | Lair:2   | 13778 ||| FLEEEEING.
 13782 | Lair:2   | 13782 ||| INVOKING Heroism.
 13911 | Lair:2   | 13911 ||| Stepping ~*~*~tactically~*~*~ (stealth).
 14010 | Lair:2   | 14010 ||| FLEEEEING.
 14063 | Lair:2   | Noticed Amaemon
 14076 | Lair:2   | Reached skill level 11 in Fighting
 14078 | Lair:2   | 14078 ||| INVOKING Heroism.
 14082 | Lair:2   | Killed Amaemon
 14195 | Lair:2   | 14195 ||| Stepping ~*~*~tactically~*~*~ (stealth).
 14197 | Lair:2   | 14197 ||| Stepping ~*~*~tactically~*~*~ (stealth).
 14199 | Lair:2   | 14199 ||| INVOKING Heroism.
 14365 | Lair:2   | 14365 ||| INVOKING Heroism.
 14973 | Lair:3   | 14973 ||| INVOKING Heroism.
 15170 | Lair:3   | 15170 ||| Stepping ~*~*~tactically~*~*~ (stealth).
 15172 | Lair:3   | 15172 ||| Stepping ~*~*~tactically~*~*~ (stealth).
 15190 | Lair:3   | Received a gift from Okawaru
 15405 | Lair:3   | 15405 ||| Stepping ~*~*~tactically~*~*~ (stealth).
 15406 | Lair:3   | 15406 ||| Stepping ~*~*~tactically~*~*~ (stealth).
 15407 | Lair:3   | 15407 ||| Stepping ~*~*~tactically~*~*~ (stealth).
 15408 | Lair:3   | 15408 ||| Stepping ~*~*~tactically~*~*~ (stealth).
 15410 | Lair:3   | 15410 ||| Stepping ~*~*~tactically~*~*~ (stealth).
 15412 | Lair:3   | 15412 ||| INVOKING Heroism.
 15413 | Lair:3   | 15413 ||| INVOKING Finesse.
 15420 | Lair:3   | Reached skill level 3 in Throwing
 15658 | Lair:3   | Found a staircase to the Shoals.
 15683 | Lair:3   | Noticed Fannar
 15703 | Lair:3   | 15703 ||| INVOKING Heroism.
 15714 | Lair:3   | Killed Fannar
 15714 | Lair:3   | Received a gift from Okawaru
 15715 | Lair:3   | Reached skill level 15 in Axes
 15715 | Lair:3   | Reached XP level 15. HP: 65/94 MP: 20/22
 16230 | Lair:4   | Identified the +9 plate armour "Sufuicug" {rElec Will-
                  | Str+3 Stlth+}
 16403 | Lair:4   | 16403 ||| Stepping ~*~*~tactically~*~*~ (hiding).
 16415 | Lair:4   | 16415 ||| INVOKING Heroism.
 16416 | Lair:4   | 16416 ||| SWAPPING to +3 demon whip of freezing.
 16417 | Lair:4   | 16417 ||| INVOKING Finesse.
 16422 | Lair:4   | 16422 ||| SWAPPING to +6 war axe.
 16464 | Lair:4   | 16464 ||| Stepping ~*~*~tactically~*~*~ (hiding).
 16505 | Lair:4   | 16505 ||| INVOKING Heroism.
 16582 | Lair:4   | 16582 ||| Stepping ~*~*~tactically~*~*~ (stealth).
 16670 | Lair:4   | Reached skill level 12 in Fighting
 16680 | Lair:4   | 16680 ||| INVOKING Heroism.
 16889 | Lair:4   | Identified the +1 broad axe "Teotox" {venom, rPois}
                  | (Okawaru gifted it to you on level 4 of the Lair of Beasts)
 16889 | Lair:4   | Received a gift from Okawaru
 16897 | Lair:4   | 16897 ||| SWAPPING to +1 broad axe "Teotox" {venom, rPois}.
 17141 | Lair:4   | 17141 ||| DROPPING +0 plate armour.
 17142 | Lair:4   | 17142 ||| DROPPING +0 fire dragon scales.
 17143 | Lair:4   | 17143 ||| UPGRADING to +9 plate armour "Sufuicug" {rElec
                  | Will- Str+3 Stlth+}.
 17153 | Lair:4   | 17153 ||| DROPPING +5 scale mail "Jukleg Zeext" {rF+ Str+3
                  | Int+2 SInv}.
 17188 | Lair:5   | Entered Level 5 of the Lair of Beasts
 17188 | Lair:5   | Noticed qw's ghost (journeyman MiHu)
 17188 | Lair:5   | Found a runed translucent door.
 17364 | Lair:5   | 17364 ||| INVOKING Heroism.
 17365 | Lair:5   | 17365 ||| INVOKING Finesse.
 17369 | Lair:5   | 17369 ||| SWAPPING to +3 demon whip of freezing.
 17373 | Lair:5   | 17373 ||| SWAPPING to +1 broad axe "Teotox" {venom, rPois}.
 17453 | Lair:5   | Found a staircase to the Slime Pits.
 17642 | Lair:5   | Reached skill level 9 in Armour
 17644 | Lair:5   | 17644 ||| INVOKING Heroism.
 17852 | Lair:5   | 17852 ||| Stepping ~*~*~tactically~*~*~ (stealth).
 17853 | Lair:5   | 17853 ||| Stepping ~*~*~tactically~*~*~ (stealth).
 17974 | Lair:5   | 17974 ||| INVOKING Heroism.
 17975 | Lair:5   | 17975 ||| INVOKING Finesse.
 17976 | Lair:5   | Identified the +1 robe of Boredom {Str+3 Int+3 Dex+3}
                  | (Okawaru gifted it to you on level 5 of the Lair of Beasts)
 17976 | Lair:5   | Received a gift from Okawaru
 17983 | Lair:5   | 17983 ||| SWAPPING to +3 demon whip of freezing.
 17996 | Lair:5   | 17996 ||| SWAPPING to +1 broad axe "Teotox" {venom, rPois}.
 18052 | Lair:5   | 18052 ||| Stepping ~*~*~tactically~*~*~ (stealth).
 18077 | Lair:5   | Found a large runed translucent door.
 18077 | Lair:5   | Found a large runed translucent door.
 18179 | Lair:5   | 18179 ||| Stepping ~*~*~tactically~*~*~ (stealth).
 18180 | Lair:5   | 18180 ||| Stepping ~*~*~tactically~*~*~ (stealth).
 18516 | Lair:5   | 18516 ||| PLANNING D
 18632 | D:12     | 18632 ||| STAIRDANCE
 19102 | D:12     | 19102 ||| Stepping ~*~*~tactically~*~*~ (hiding).
 19639 | D:12     | 19639 ||| READING 15 scrolls of identify.
 19639 | D:12     | 19639 ||| IDENTIFYING lumpy coppery potion
 19664 | D:13     | 19664 ||| INVOKING Heroism.
 19665 | D:13     | 19665 ||| INVOKING Finesse.
 19669 | D:13     | 19669 ||| SWAPPING to +3 demon whip of freezing.
 19673 | D:13     | 19673 ||| SWAPPING to +1 broad axe "Teotox" {venom, rPois}.
 19759 | D:13     | 19759 ||| INVOKING Heroism.
 19760 | D:13     | 19760 ||| INVOKING Finesse.
 19764 | D:13     | 19764 ||| SWAPPING to +3 demon whip of freezing.
 19768 | D:13     | 19768 ||| SWAPPING to +1 broad axe "Teotox" {venom, rPois}.
 19778 | D:13     | 19778 ||| Stepping ~*~*~tactically~*~*~ (stealth).
 19783 | D:13     | 19783 ||| Stepping ~*~*~tactically~*~*~ (stealth).
 19784 | D:13     | 19784 ||| Stepping ~*~*~tactically~*~*~ (stealth).
 19786 | D:13     | 19786 ||| Stepping ~*~*~tactically~*~*~ (stealth).
 19787 | D:13     | 19787 ||| Stepping ~*~*~tactically~*~*~ (stealth).
 19881 | D:13     | 19881 ||| Stepping ~*~*~tactically~*~*~ (stealth).
 19882 | D:13     | 19882 ||| Stepping ~*~*~tactically~*~*~ (stealth).
 19883 | D:13     | 19883 ||| Stepping ~*~*~tactically~*~*~ (stealth).
 19924 | D:13     | Found Olam's Jewellery Boutique.
 19930 | D:13     | 19930 ||| BUYING +4 ring of protection (504 gold).
 19930 | D:13     | Bought a +4 ring of protection for 504 gold pieces
 19930 | D:13     | 19930 ||| BUYING ring of Ru's Grace {Wiz Will+ Str+5 Dex+3
                  | SInv} (890 gold).
 19930 | D:13     | Bought the ring of Ru's Grace {Wiz Will+ Str+5 Dex+3 SInv}
                  | for 890 gold pieces
 20012 | D:13     | 20012 ||| Stepping ~*~*~tactically~*~*~ (hiding).
 20217 | D:13     | 20217 ||| INVOKING Heroism.
 20218 | D:13     | 20218 ||| SWAPPING to +3 demon whip of freezing.
 20219 | D:13     | 20219 ||| INVOKING Finesse.
 20225 | D:13     | 20225 ||| SWAPPING to +1 broad axe "Teotox" {venom, rPois}.
 20287 | D:13     | Received a gift from Okawaru
 20288 | D:13     | Reached XP level 16. HP: 93/101 MP: 23/23
 20345 | D:13     | Found a gate to the Vaults.
 20450 | D:13     | Received a gift from Okawaru
 20639 | D:13     | 20639 ||| UPGRADING to +0 kite shield of protection.
 20649 | D:13     | 20649 ||| DROPPING +0 kite shield.
 20650 | D:13     | 20650 ||| UPGRADING to +4 ring of protection.
 20651 | D:13     | 20651 ||| UPGRADING to ring of Ru's Grace {Wiz Will+ Str+5
                  | Dex+3 SInv}.
 20652 | D:13     | 20652 ||| READING 14 scrolls of identify.
 20652 | D:13     | 20652 ||| IDENTIFYING fuming silvery potion
 20806 | D:14     | 20806 ||| INVOKING Heroism.
 20815 | D:14     | HP: 24/101 [rakshasa/+0 trident (6)]
 20816 | D:14     | 20816 ||| READING 2 scrolls of teleportation.
 20821 | D:14     | Found a hide-covered altar of Uskayaw.
 20821 | D:14     | Noticed Louise
 20822 | D:14     | 20822 ||| READING scroll of teleportation.
 20853 | D:14     | 20853 ||| INVOKING Heroism.
 20853 | D:14     | HP: 22/101 [meliai/divine providence (14)]
 20856 | D:14     | 20856 ||| INVOKING Finesse.
 20857 | D:14     | HP: 3/101 [meliai/divine providence (8)]
 20867 | D:14     | Killed Louise
 20878 | D:14     | 20878 ||| Stepping ~*~*~tactically~*~*~ (stealth).
 20879 | D:14     | 20879 ||| Stepping ~*~*~tactically~*~*~ (stealth).
 20882 | D:14     | 20882 ||| Stepping ~*~*~tactically~*~*~ (hiding).
 21276 | D:14     | 21276 ||| Stepping ~*~*~tactically~*~*~ (stealth).
 21416 | D:14     | 21416 ||| INVOKING Heroism.
 21687 | D:14     | 21687 ||| Stepping ~*~*~tactically~*~*~ (hiding).
 21692 | D:14     | 21692 ||| INVOKING Heroism.
 21938 | D:14     | 21938 ||| Stepping ~*~*~tactically~*~*~ (hiding).
 21939 | D:14     | 21939 ||| Stepping ~*~*~tactically~*~*~ (hiding).
 22180 | D:14     | 22180 ||| UPGRADING to +0 tower shield.
 22190 | D:14     | 22190 ||| DROPPING +0 kite shield of protection.
 22191 | D:14     | 22191 ||| READING 13 scrolls of identify.
 22191 | D:14     | 22191 ||| IDENTIFYING red potion
 22192 | D:14     | 22192 ||| DROPPING potion of ambrosia.
 22224 | D:15     | Entered Level 15 of the Dungeon
 22226 | D:15     | 22226 ||| STAIRDANCE
 22319 | D:15     | 22319 ||| INVOKING Heroism.
 22320 | D:15     | Found a staircase to the Depths.
 22363 | D:15     | 22363 ||| FLEEEEING.
 22364 | D:15     | 22364 ||| FLEEEEING.
 22365 | D:15     | 22365 ||| FLEEEEING.
 22366 | D:15     | 22366 ||| FLEEEEING.
 22367 | D:15     | 22367 ||| FLEEEEING.
 22368 | D:15     | 22368 ||| FLEEEEING.
 22369 | D:15     | 22369 ||| FLEEEEING.
 22370 | D:15     | 22370 ||| FLEEEEING.
 22371 | D:15     | 22371 ||| FLEEEEING.
 22372 | D:15     | 22372 ||| FLEEEEING.
 22396 | D:15     | 22396 ||| FLEEEEING.
 22397 | D:15     | 22397 ||| FLEEEEING.
 22398 | D:15     | 22398 ||| FLEEEEING.
 22399 | D:15     | 22399 ||| FLEEEEING.
 22400 | D:15     | 22400 ||| FLEEEEING.
 22401 | D:15     | 22401 ||| FLEEEEING.
 22410 | D:15     | 22410 ||| STAIRDANCE
 22582 | D:15     | 22582 ||| Stepping ~*~*~tactically~*~*~ (hiding).
 22593 | D:15     | 22593 ||| INVOKING Heroism.
 22674 | D:15     | 22674 ||| Stepping ~*~*~tactically~*~*~ (hiding).
 22719 | D:15     | 22719 ||| FLEEEEING.
 22830 | D:15     | Received a gift from Okawaru
 23162 | D:15     | 23162 ||| INVOKING Heroism.
 23184 | D:15     | Reached skill level 15 in Shields
 23371 | D:15     | 23371 ||| SWAPPING to +4 broad axe.
 23372 | D:15     | 23372 ||| DROPPING +1 broad axe "Teotox" {venom, rPois}.
 23373 | D:15     | 23373 ||| DROPPING +6 war axe.
 23374 | D:15     | 23374 ||| READING 2 scrolls of enchant weapon.
 23374 | D:15     | 23374 ||| ENCHANTING +4 broad axe.
 23375 | D:15     | 23375 ||| READING scroll of enchant weapon.
 23375 | D:15     | 23375 ||| ENCHANTING +5 broad axe.
 23393 | D:15     | 23393 ||| Stepping ~*~*~tactically~*~*~ (hiding).
 23394 | D:15     | 23394 ||| Stepping ~*~*~tactically~*~*~ (hiding).
 23395 | D:15     | 23395 ||| Stepping ~*~*~tactically~*~*~ (hiding).
 23397 | D:15     | 23397 ||| Stepping ~*~*~tactically~*~*~ (hiding).
 23416 | D:15     | 23416 ||| Stepping ~*~*~tactically~*~*~ (hiding).
 23567 | D:15     | 23567 ||| Stepping ~*~*~tactically~*~*~ (hiding).
 23569 | D:15     | 23569 ||| Stepping ~*~*~tactically~*~*~ (hiding).
 23570 | D:15     | 23570 ||| Stepping ~*~*~tactically~*~*~ (hiding).
 23577 | D:15     | 23577 ||| Stepping ~*~*~tactically~*~*~ (hiding).
 23737 | D:15     | 23737 ||| PLANNING ORC
 23824 | Orc:1    | Entered Level 1 of the Orcish Mines
 23824 | Orc:1    | Noticed Josephine
 23829 | Orc:1    | 23829 ||| INVOKING Heroism.
 23831 | Orc:1    | Received a gift from Okawaru
 23832 | Orc:1    | Killed Josephine
 23855 | Orc:1    | 23855 ||| Stepping ~*~*~tactically~*~*~ (stealth).
 23858 | Orc:1    | 23858 ||| Stepping ~*~*~tactically~*~*~ (stealth).
 23859 | Orc:1    | 23859 ||| Stepping ~*~*~tactically~*~*~ (stealth).
 23944 | Orc:1    | 23944 ||| Stepping ~*~*~tactically~*~*~ (stealth).
 23970 | Orc:1    | 23970 ||| INVOKING Heroism.
 23972 | Orc:1    | Gained mutation: You are weak. (Str -2) [a neqoxec]
 24002 | Orc:1    | Received a gift from Okawaru
 24009 | Orc:1    | 24009 ||| Stepping ~*~*~tactically~*~*~ (stealth).
 24180 | Orc:1    | 24180 ||| DROPPING +2 broad axe of pain.
 24249 | Orc:1    | 24249 ||| Stepping ~*~*~tactically~*~*~ (hiding).
 24263 | Orc:1    | 24263 ||| INVOKING Heroism.
 24264 | Orc:1    | 24264 ||| INVOKING Finesse.
 24411 | Orc:1    | 24411 ||| SWAPPING to +0 vampiric war axe.
 24576 | Orc:2    | Entered Level 2 of the Orcish Mines
 24633 | Orc:2    | Found a staircase to the Elven Halls.
 24787 | Orc:2    | Found Qussol's Weapon Shop.
 24792 | Orc:2    | Noticed Maurice
 24793 | Orc:2    | 24793 ||| Stepping ~*~*~tactically~*~*~ (hiding).
 24797 | Orc:2    | 24797 ||| Stepping ~*~*~tactically~*~*~ (hiding).
 24798 | Orc:2    | 24798 ||| BUYING +1 morningstar of protection (177 gold).
 24798 | Orc:2    | Bought a +1 morningstar of protection for 177 gold pieces
 24805 | Orc:2    | Killed Maurice
 24813 | Orc:2    | 24813 ||| DROPPING +4 morningstar.
 24814 | Orc:2    | 24814 ||| Stepping ~*~*~tactically~*~*~ (stealth).
 24834 | Orc:2    | 24834 ||| INVOKING Heroism.
 24843 | Orc:2    | Paralysed by an orc sorcerer for 2 turns
 24844 | Orc:2    | Noticed Saint Roka
 24846 | Orc:2    | 24846 ||| INVOKING Finesse.
 24878 | Orc:2    | Reached XP level 17. HP: 106/106 MP: 20/24
 24927 | Orc:2    | HP: 24/106 [Saint Roka/divine providence (9)]
 24928 | Orc:2    | 24928 ||| READING scroll of teleportation.
 24934 | Orc:2    | HP: 23/106 [Saint Roka/divine providence (13)]
 24944 | Orc:2    | 24944 ||| INVOKING Heroism.
 25340 | Orc:2    | 25340 ||| INVOKING Heroism.
 25341 | Orc:2    | 25341 ||| INVOKING Finesse.
 25372 | Orc:2    | Killed Saint Roka
 25372 | Orc:2    | Received a gift from Okawaru
 25466 | Orc:2    | Found Elapie's Antique Weapon Shop.
 25485 | Orc:2    | Found Amuer's General Store.
 25503 | Orc:2    | 25503 ||| BUYING potion of heal wounds (70 gold).
 25503 | Orc:2    | Bought a potion of heal wounds for 70 gold pieces
 25595 | Orc:2    | Found Zaofacuz's Jewellery Shop.
 25602 | Orc:2    | 25602 ||| BUYING ring of protection from cold (375 gold).
 25602 | Orc:2    | Bought a ring of protection from cold for 375 gold pieces
 25602 | Orc:2    | 25602 ||| BUYING ring of protection from fire (375 gold).
 25602 | Orc:2    | Bought a ring of protection from fire for 375 gold pieces
 25611 | Orc:2    | Found Yploset's Antique Armour Shop.
 25756 | Orc:2    | 25756 ||| PLANNING SHOALS:1-3
 25756 | Orc:2    | 25756 ||| DROPPING +0 cloak.
 25757 | Orc:2    | 25757 ||| DROPPING ring of ice.
 25911 | Shoals:1 | Entered Level 1 of the Shoals
 25974 | Shoals:1 | 25974 ||| INVOKING Heroism.
 25975 | Shoals:1 | 25975 ||| INVOKING Finesse.
 25976 | Shoals:1 | Found a frozen archway.
 26273 | Shoals:1 | 26273 ||| Stepping ~*~*~tactically~*~*~ (hiding).
 26483 | Shoals:1 | Reached skill level 13 in Fighting
 26510 | Shoals:1 | Received a gift from Okawaru
 26512 | Shoals:1 | 26512 ||| SWAPPING to +2 vampiric broad axe.
 26551 | Shoals:1 | 26551 ||| INVOKING Heroism.
 26552 | Shoals:1 | 26552 ||| INVOKING Finesse.
 26610 | Shoals:1 | 26610 ||| READING scroll of enchant armour.
 26610 | Shoals:1 | 26610 ||| ENCHANTING +0 helmet.
 26836 | Shoals:1 | 26836 ||| INVOKING Heroism.
 26979 | Shoals:2 | Reached skill level 12 in Armour
 27003 | Shoals:2 | 27003 ||| INVOKING Heroism.
 27165 | Shoals:2 | Identified the +7 flail of the Puffin {freeze, rF+}
 27214 | Shoals:2 | Noticed Polyphemus
 27215 | Shoals:2 | 27215 ||| INVOKING Heroism.
 27216 | Shoals:2 | 27216 ||| INVOKING Finesse.
 27227 | Shoals:2 | Killed Polyphemus
 27331 | Shoals:2 | Found Dasir's Weapon Emporium.
 27343 | Shoals:2 | Received a gift from Okawaru
 27456 | Shoals:2 | 27456 ||| Stepping ~*~*~tactically~*~*~ (hiding).
 27459 | Shoals:2 | 27459 ||| Stepping ~*~*~tactically~*~*~ (hiding).
 27460 | Shoals:2 | 27460 ||| INVOKING Heroism.
 27721 | Shoals:2 | 27721 ||| INVOKING Heroism.
 27902 | Shoals:2 | Reached skill level 18 in Axes
 27984 | Shoals:3 | Noticed a kraken
 27999 | Shoals:3 | Killed a kraken
 28036 | Shoals:3 | 28036 ||| INVOKING Heroism.
 28219 | Shoals:3 | Identified the +0 pair of boots of Mezcal {Str+8} (Okawaru
                  | gifted it to you on level 3 of the Shoals)
 28219 | Shoals:3 | Received a gift from Okawaru
 28505 | Shoals:3 | 28505 ||| INVOKING Heroism.
 28517 | Shoals:3 | Identified the +3 scale mail of Charity {rC+}
 28549 | Shoals:3 | 28549 ||| READING scroll of enchant weapon.
 28549 | Shoals:3 | 28549 ||| ENCHANTING +2 vampiric broad axe.
 28583 | Shoals:3 | Reached XP level 18. HP: 115/115 MP: 25/25
 28583 | Shoals:3 | 28583 ||| DROPPING -2 demon whip of venom.
 28584 | Shoals:3 | 28584 ||| DROPPING +3 demon whip of freezing.
 28585 | Shoals:3 | 28585 ||| DROPPING +1 morningstar of protection.
 28799 | Shoals:3 | 28799 ||| PLANNING SNAKE:1-3
 28799 | Shoals:3 | 28799 ||| UPGRADING to +0 pair of boots of Mezcal {Str+8}.
 28809 | Shoals:3 | 28809 ||| DROPPING +0 pair of boots.
 28910 | Snake:1  | Entered Level 1 of the Snake Pit
 29003 | Snake:1  | 29003 ||| Stepping ~*~*~tactically~*~*~ (hiding).
 29007 | Snake:1  | 29007 ||| Stepping ~*~*~tactically~*~*~ (hiding).
 29008 | Snake:1  | 29008 ||| Stepping ~*~*~tactically~*~*~ (hiding).
 29011 | Snake:1  | 29011 ||| INVOKING Heroism.
 29163 | Snake:1  | Noticed Aizul
 29163 | Snake:1  | You are sucked into a shaft and drop 1 floor!
 29163 | Snake:2  | Noticed qw's ghost (adept GrFi)
 29259 | Snake:2  | Noticed Jorgrun
 29260 | Snake:2  | 29260 ||| Stepping ~*~*~tactically~*~*~ (hiding).
 29262 | Snake:2  | 29262 ||| INVOKING Heroism.
 29263 | Snake:2  | 29263 ||| Stepping ~*~*~tactically~*~*~ (hiding).
 29279 | Snake:2  | Killed Jorgrun
 29284 | Snake:2  | Reached skill level 6 in Throwing
 29383 | Snake:2  | 29383 ||| Stepping ~*~*~tactically~*~*~ (stealth).
 29421 | Snake:2  | 29421 ||| Stepping ~*~*~tactically~*~*~ (hiding).
 29469 | Snake:2  | 29469 ||| Stepping ~*~*~tactically~*~*~ (stealth).
 29476 | Snake:2  | Reached skill level 14 in Fighting
 29550 | Snake:1  | 29550 ||| Stepping ~*~*~tactically~*~*~ (hiding).
 29551 | Snake:1  | 29551 ||| Stepping ~*~*~tactically~*~*~ (hiding).
 29553 | Snake:1  | 29553 ||| Stepping ~*~*~tactically~*~*~ (hiding).
 29789 | Snake:1  | 29789 ||| INVOKING Heroism.
 29790 | Snake:1  | 29790 ||| INVOKING Finesse.
 29798 | Snake:1  | Killed Aizul
 29799 | Snake:1  | Reached skill level 18 in Shields
 29845 | Snake:1  | 29845 ||| Stepping ~*~*~tactically~*~*~ (hiding).
 29951 | Snake:1  | 29951 ||| Stepping ~*~*~tactically~*~*~ (hiding).
 29954 | Snake:1  | 29954 ||| Stepping ~*~*~tactically~*~*~ (hiding).
 30300 | Snake:2  | Noticed Agnes
 30301 | Snake:2  | 30301 ||| INVOKING Heroism.
 30302 | Snake:2  | 30302 ||| INVOKING Finesse.
 30319 | Snake:2  | Killed Agnes
 30351 | Snake:2  | Found a runed translucent door.
 30420 | Snake:2  | Noticed Vashnia
 30421 | Snake:2  | 30421 ||| Stepping ~*~*~tactically~*~*~ (hiding).
 30427 | Snake:2  | 30427 ||| INVOKING Heroism.
 30470 | Snake:2  | Killed Vashnia
 30548 | Snake:2  | Noticed Donald
 30550 | Snake:2  | 30550 ||| INVOKING Heroism.
 30551 | Snake:2  | 30551 ||| INVOKING Finesse.
 30555 | Snake:2  | Killed Donald
 30729 | Snake:2  | 30729 ||| READING scroll of enchant weapon.
 30729 | Snake:2  | 30729 ||| ENCHANTING +3 vampiric broad axe.
 31053 | Snake:2  | 31053 ||| Stepping ~*~*~tactically~*~*~ (hiding).
 31055 | Snake:2  | 31055 ||| Stepping ~*~*~tactically~*~*~ (hiding).
 31058 | Snake:2  | 31058 ||| Stepping ~*~*~tactically~*~*~ (hiding).
 31060 | Snake:2  | 31060 ||| Stepping ~*~*~tactically~*~*~ (hiding).
 31062 | Snake:2  | 31062 ||| Stepping ~*~*~tactically~*~*~ (hiding).
 31074 | Snake:2  | 31074 ||| Stepping ~*~*~tactically~*~*~ (stealth).
 31402 | Snake:3  | 31402 ||| STAIRDANCE
 31565 | Snake:3  | Received a gift from Okawaru
 31761 | Snake:3  | 31761 ||| Stepping ~*~*~tactically~*~*~ (hiding).
 31778 | Snake:3  | 31778 ||| Stepping ~*~*~tactically~*~*~ (hiding).
 31982 | Snake:3  | Reached skill level 15 in Fighting
 32249 | Snake:3  | 32249 ||| PLANNING SHOALS:4
 32249 | Snake:3  | 32249 ||| DROPPING +2 pair of boots.
 32250 | Snake:3  | 32250 ||| READING scroll labelled KOSOEPRUSHUR.
 32402 | Shoals:4 | Entered Level 4 of the Shoals
 32432 | Shoals:4 | 32432 ||| Stepping ~*~*~tactically~*~*~ (hiding).
 32434 | Shoals:4 | 32434 ||| INVOKING Heroism.
 32435 | Shoals:4 | 32435 ||| INVOKING Finesse.
 32448 | Shoals:4 | 32448 ||| Stepping ~*~*~tactically~*~*~ (hiding).
 32452 | Shoals:4 | 32452 ||| Stepping ~*~*~tactically~*~*~ (hiding).
 32465 | Shoals:4 | 32465 ||| Stepping ~*~*~tactically~*~*~ (hiding).
 32472 | Shoals:4 | 32472 ||| Stepping ~*~*~tactically~*~*~ (hiding).
 32478 | Shoals:4 | 32478 ||| Stepping ~*~*~tactically~*~*~ (hiding).
 32562 | Shoals:4 | Got a barnacled rune of Zot
 32617 | Shoals:4 | 32617 ||| INVOKING Heroism.
 32618 | Shoals:4 | 32618 ||| INVOKING Finesse.
 32622 | Shoals:4 | Identified the +1 robe of Parts Unknown {Drain +Inv rPois
                  | Dex+2} (Okawaru gifted it to you on level 4 of the Shoals)
 32622 | Shoals:4 | Received a gift from Okawaru
 32698 | Shoals:4 | 32698 ||| INVOKING Heroism.
 32750 | Shoals:4 | 32750 ||| INVOKING Heroism.
 32754 | Shoals:4 | Reached XP level 19. HP: 117/124 MP: 23/26
 32833 | Shoals:4 | 32833 ||| Stepping ~*~*~tactically~*~*~ (hiding).
 32834 | Shoals:4 | 32834 ||| Stepping ~*~*~tactically~*~*~ (hiding).
 32836 | Shoals:4 | 32836 ||| INVOKING Heroism.
 32943 | Shoals:4 | 32943 ||| INVOKING Heroism.
 32972 | Shoals:4 | 32972 ||| INVOKING Heroism.
 32998 | Shoals:4 | 32998 ||| INVOKING Heroism.
 32998 | Shoals:4 | Noticed Ilsuiw
 32999 | Shoals:4 | 32999 ||| INVOKING Finesse.
 33037 | Shoals:4 | Killed Ilsuiw
 33421 | Shoals:4 | 33421 ||| Stepping ~*~*~tactically~*~*~ (hiding).
 33443 | Shoals:4 | 33443 ||| INVOKING Heroism.
 33548 | Shoals:4 | 33548 ||| PLANNING VAULTS:1-4
 33774 | Vaults:1 | Entered Level 1 of the Vaults
 33783 | Vaults:1 | Reached skill level 9 in Throwing
 33898 | Vaults:1 | 33898 ||| FLEEEEING.
 33899 | Vaults:1 | 33899 ||| FLEEEEING.
 33900 | Vaults:1 | 33900 ||| FLEEEEING.
 33901 | Vaults:1 | 33901 ||| FLEEEEING.
 33902 | Vaults:1 | 33902 ||| FLEEEEING.
 33909 | Vaults:1 | 33909 ||| FLEEEEING.
 33910 | Vaults:1 | 33910 ||| FLEEEEING.
 33911 | Vaults:1 | 33911 ||| FLEEEEING.
 33912 | Vaults:1 | 33912 ||| FLEEEEING.
 33913 | Vaults:1 | 33913 ||| FLEEEEING.
 33914 | Vaults:1 | 33914 ||| FLEEEEING.
 33915 | Vaults:1 | 33915 ||| FLEEEEING.
 33916 | Vaults:1 | 33916 ||| FLEEEEING.
 33917 | Vaults:1 | 33917 ||| FLEEEEING.
 33928 | Vaults:1 | 33928 ||| FLEEEEING.
 33929 | Vaults:1 | 33929 ||| FLEEEEING.
 33930 | Vaults:1 | 33930 ||| FLEEEEING.
 33931 | Vaults:1 | 33931 ||| FLEEEEING.
 33932 | Vaults:1 | 33932 ||| FLEEEEING.
 33933 | Vaults:1 | 33933 ||| FLEEEEING.
 33934 | Vaults:1 | 33934 ||| FLEEEEING.
 33935 | Vaults:1 | 33935 ||| FLEEEEING.
 33938 | Vaults:1 | 33938 ||| FLEEEEING.
 33939 | Vaults:1 | 33939 ||| FLEEEEING.
 33940 | Vaults:1 | 33940 ||| FLEEEEING.
 33941 | Vaults:1 | 33941 ||| FLEEEEING.
 33942 | Vaults:1 | 33942 ||| FLEEEEING.
 33943 | Vaults:1 | 33943 ||| FLEEEEING.
 33944 | Vaults:1 | 33944 ||| FLEEEEING.
 33945 | Vaults:1 | 33945 ||| FLEEEEING.
 33946 | Vaults:1 | 33946 ||| FLEEEEING.
 33947 | Vaults:1 | 33947 ||| FLEEEEING.
 33948 | Vaults:1 | 33948 ||| FLEEEEING.
 33949 | Vaults:1 | 33949 ||| FLEEEEING.
 33950 | Vaults:1 | 33950 ||| FLEEEEING.
 33951 | Vaults:1 | 33951 ||| FLEEEEING.
 33952 | Vaults:1 | 33952 ||| FLEEEEING.
 33953 | Vaults:1 | 33953 ||| FLEEEEING.
 33954 | Vaults:1 | 33954 ||| FLEEEEING.
 33955 | Vaults:1 | 33955 ||| FLEEEEING.
 33956 | Vaults:1 | 33956 ||| FLEEEEING.
 33957 | Vaults:1 | 33957 ||| FLEEEEING.
 33966 | Vaults:1 | 33966 ||| FLEEEEING.
 33967 | Vaults:1 | 33967 ||| STAIRDANCE
 34071 | Vaults:1 | 34071 ||| INVOKING Heroism.
 34105 | Vaults:1 | 34105 ||| INVOKING Finesse.
 34111 | Vaults:1 | Received a gift from Okawaru
 34117 | Vaults:1 | 34117 ||| INVOKING Heroism.
 34454 | Vaults:1 | 34454 ||| INVOKING Heroism.
 34455 | Vaults:1 | Received a gift from Okawaru
 34551 | Vaults:1 | 34551 ||| READING scroll of enchant weapon.
 34551 | Vaults:1 | 34551 ||| ENCHANTING +4 vampiric broad axe.
 34604 | Vaults:1 | 34604 ||| Stepping ~*~*~tactically~*~*~ (stealth).
 34929 | Vaults:1 | 34929 ||| INVOKING Heroism.
 35210 | Vaults:1 | 35210 ||| DROPPING amulet of regeneration.
 35278 | Vaults:2 | 35278 ||| FLEEEEING.
 35279 | Vaults:2 | 35279 ||| FLEEEEING.
 35280 | Vaults:2 | 35280 ||| FLEEEEING.
 35281 | Vaults:2 | 35281 ||| FLEEEEING.
 35287 | Vaults:2 | 35287 ||| STAIRDANCE
 35391 | Vaults:2 | 35391 ||| STAIRDANCE
 35506 | Vaults:2 | 35506 ||| STAIRDANCE
 35547 | Vaults:2 | Reached skill level 16 in Fighting
 35570 | Vaults:2 | Received a gift from Okawaru
 35626 | Vaults:2 | Received a gift from Okawaru
 35664 | Vaults:2 | 35664 ||| Stepping ~*~*~tactically~*~*~ (stealth).
 35667 | Vaults:2 | 35667 ||| Stepping ~*~*~tactically~*~*~ (stealth).
 35669 | Vaults:2 | 35669 ||| Stepping ~*~*~tactically~*~*~ (stealth).
 35745 | Vaults:2 | 35745 ||| FLEEEEING.
 35750 | Vaults:2 | 35750 ||| FLEEEEING.
 35751 | Vaults:2 | 35751 ||| FLEEEEING.
 35752 | Vaults:2 | 35752 ||| FLEEEEING.
 35753 | Vaults:2 | 35753 ||| FLEEEEING.
 35754 | Vaults:2 | 35754 ||| FLEEEEING.
 35755 | Vaults:2 | 35755 ||| FLEEEEING.
 35756 | Vaults:2 | 35756 ||| FLEEEEING.
 35757 | Vaults:2 | 35757 ||| FLEEEEING.
 35762 | Vaults:2 | 35762 ||| FLEEEEING.
 35763 | Vaults:2 | 35763 ||| FLEEEEING.
 35764 | Vaults:2 | 35764 ||| FLEEEEING.
 35765 | Vaults:2 | 35765 ||| FLEEEEING.
 35766 | Vaults:2 | 35766 ||| FLEEEEING.
 35767 | Vaults:2 | 35767 ||| FLEEEEING.
 35768 | Vaults:2 | 35768 ||| FLEEEEING.
 35769 | Vaults:2 | 35769 ||| FLEEEEING.
 35774 | Vaults:2 | 35774 ||| FLEEEEING.
 35775 | Vaults:2 | 35775 ||| FLEEEEING.
 35776 | Vaults:2 | 35776 ||| FLEEEEING.
 35777 | Vaults:2 | 35777 ||| FLEEEEING.
 35778 | Vaults:2 | 35778 ||| FLEEEEING.
 35779 | Vaults:2 | 35779 ||| FLEEEEING.
 35780 | Vaults:2 | 35780 ||| FLEEEEING.
 35781 | Vaults:2 | 35781 ||| FLEEEEING.
 35782 | Vaults:2 | 35782 ||| FLEEEEING.
 35783 | Vaults:2 | 35783 ||| FLEEEEING.
 35791 | Vaults:2 | 35791 ||| STAIRDANCE
 35899 | Vaults:2 | 35899 ||| STAIRDANCE
 35903 | Vaults:1 | Reached skill level 6 in Dodging
 36084 | Vaults:2 | 36084 ||| Stepping ~*~*~tactically~*~*~ (stealth).
 36086 | Vaults:2 | 36086 ||| Stepping ~*~*~tactically~*~*~ (stealth).
 36158 | Vaults:2 | Received a gift from Okawaru
 36210 | Vaults:2 | 36210 ||| Stepping ~*~*~tactically~*~*~ (hiding).
 36211 | Vaults:2 | 36211 ||| Stepping ~*~*~tactically~*~*~ (hiding).
 36364 | Vaults:2 | Reached skill level 15 in Armour
 36449 | Vaults:2 | 36449 ||| Stepping ~*~*~tactically~*~*~ (hiding).
 36450 | Vaults:2 | 36450 ||| Stepping ~*~*~tactically~*~*~ (hiding).
 36644 | Vaults:2 | Identified the +0 cloak of the Barnacle {rF+ rC+} (Okawaru
                  | gifted it to you on level 2 of the Vaults)
 36644 | Vaults:2 | Received a gift from Okawaru
 36645 | Vaults:2 | 36645 ||| INVOKING Heroism.
 36653 | Vaults:2 | Reached XP level 20. HP: 123/132 MP: 25/27
 36688 | Vaults:2 | Found Noajunk's Armour Emporium.
 36694 | Vaults:2 | 36694 ||| BUYING +1 cloak (161 gold).
 36694 | Vaults:2 | Bought a +1 cloak for 161 gold pieces
 36702 | Vaults:2 | 36702 ||| Stepping ~*~*~tactically~*~*~ (stealth).
 36703 | Vaults:2 | 36703 ||| Stepping ~*~*~tactically~*~*~ (stealth).
 36707 | Vaults:2 | 36707 ||| Stepping ~*~*~tactically~*~*~ (stealth).
 36708 | Vaults:2 | 36708 ||| Stepping ~*~*~tactically~*~*~ (stealth).
 36765 | Vaults:2 | 36765 ||| Stepping ~*~*~tactically~*~*~ (stealth).
 36778 | Vaults:2 | 36778 ||| INVOKING Heroism.
 36813 | Vaults:2 | 36813 ||| Stepping ~*~*~tactically~*~*~ (hiding).
 36885 | Vaults:2 | 36885 ||| Stepping ~*~*~tactically~*~*~ (stealth).
 36890 | Vaults:2 | Reached skill level 17 in Fighting
 37142 | Vaults:2 | 37142 ||| UPGRADING to +0 cloak of the Barnacle {rF+ rC+}.
 37152 | Vaults:2 | 37152 ||| DROPPING scarf of resistance.
 37153 | Vaults:2 | 37153 ||| DROPPING ring of fire.
 37214 | Vaults:3 | 37214 ||| Stepping ~*~*~tactically~*~*~ (hiding).
 37216 | Vaults:3 | 37216 ||| Stepping ~*~*~tactically~*~*~ (hiding).
 37258 | Vaults:3 | 37258 ||| Stepping ~*~*~tactically~*~*~ (hiding).
 37270 | Vaults:3 | 37270 ||| Stepping ~*~*~tactically~*~*~ (hiding).
 37272 | Vaults:3 | 37272 ||| Stepping ~*~*~tactically~*~*~ (hiding).
 37541 | Vaults:3 | Received a gift from Okawaru
 37554 | Vaults:3 | Found a staircase to the Crypt.
 37588 | Vaults:3 | 37588 ||| FLEEEEING.
 37589 | Vaults:3 | 37589 ||| FLEEEEING.
 37590 | Vaults:3 | 37590 ||| FLEEEEING.
 37591 | Vaults:3 | 37591 ||| FLEEEEING.
 37592 | Vaults:3 | 37592 ||| FLEEEEING.
 37593 | Vaults:3 | 37593 ||| FLEEEEING.
 37596 | Vaults:3 | 37596 ||| INVOKING Finesse.
 37615 | Vaults:3 | Received a gift from Okawaru
 37624 | Vaults:3 | 37624 ||| FLEEEEING.
 38043 | Vaults:3 | Received a gift from Okawaru
 38148 | Vaults:3 | 38148 ||| DRINKING 15 potions of curing.
 38148 | Vaults:3 | 38148 ||| (to cure confusion)
 38154 | Vaults:3 | Received a gift from Okawaru
 38217 | Vaults:3 | 38217 ||| Stepping ~*~*~tactically~*~*~ (hiding).
 38390 | Vaults:3 | 38390 ||| Stepping ~*~*~tactically~*~*~ (hiding).
 38409 | Vaults:3 | Received a gift from Okawaru
 38418 | Vaults:3 | Reached skill level 18 in Fighting
 38525 | Vaults:3 | 38525 ||| READING scroll of enchant weapon.
 38525 | Vaults:3 | 38525 ||| ENCHANTING +5 vampiric broad axe.
 39062 | Vaults:4 | Reached ****** piety under Okawaru
 39164 | Vaults:4 | Identified the +0 fire dragon scales of Tonkaez {rF++ rC-
                  | Will+} (Okawaru gifted it to you on level 4 of the Vaults)
 39164 | Vaults:4 | Received a gift from Okawaru
 39176 | Vaults:4 | Reached XP level 21. HP: 140/141 MP: 28/28
 39197 | Vaults:4 | 39197 ||| INVOKING Heroism.
 39854 | Vaults:4 | 39854 ||| Stepping ~*~*~tactically~*~*~ (stealth).
 39855 | Vaults:4 | 39855 ||| Stepping ~*~*~tactically~*~*~ (stealth).
 39890 | Vaults:4 | 39890 ||| Stepping ~*~*~tactically~*~*~ (hiding).
 39952 | Vaults:4 | Found Meulle's Antique Armour Emporium.
 39960 | Vaults:4 | 39960 ||| BUYING runed cloak (187 gold).
 39960 | Vaults:4 | Bought a runed cloak for 187 gold pieces
 40295 | Vaults:4 | 40295 ||| Stepping ~*~*~tactically~*~*~ (stealth).
 40375 | Vaults:4 | 40375 ||| PLANNING SNAKE:4
 40375 | Vaults:4 | 40375 ||| DROPPING +0 fire dragon scales of Tonkaez {rF++
                  | rC- Will+}.
 40376 | Vaults:4 | 40376 ||| DROPPING +0 cloak of willpower.
 40377 | Vaults:4 | 40377 ||| DROPPING +1 cloak.
 40702 | Snake:4  | Entered Level 4 of the Snake Pit
 40736 | Snake:4  | Found an iron altar of Okawaru.
 40784 | Snake:4  | 40784 ||| INVOKING Heroism.
 40829 | Snake:4  | 40829 ||| Stepping ~*~*~tactically~*~*~ (hiding).
 40861 | Snake:4  | 40861 ||| INVOKING Heroism.
 40915 | Snake:4  | Identified the +4 morningstar "Buckuha" {drain, rElec rC-
                  | rCorr Str+4} (Okawaru gifted it to you on level 4 of the
                  | Snake Pit)
 40915 | Snake:4  | Received a gift from Okawaru
 40929 | Snake:4  | 40929 ||| Stepping ~*~*~tactically~*~*~ (hiding).
 40973 | Snake:4  | Reached skill level 18 in Armour
 40979 | Snake:4  | 40979 ||| Stepping ~*~*~tactically~*~*~ (hiding).
 40986 | Snake:4  | 40986 ||| Stepping ~*~*~tactically~*~*~ (hiding).
 41047 | Snake:4  | 41047 ||| Stepping ~*~*~tactically~*~*~ (hiding).
 41073 | Snake:4  | 41073 ||| Stepping ~*~*~tactically~*~*~ (stealth).
 41088 | Snake:4  | Got a serpentine rune of Zot
 41167 | Snake:4  | 41167 ||| Stepping ~*~*~tactically~*~*~ (hiding).
 41168 | Snake:4  | 41168 ||| Stepping ~*~*~tactically~*~*~ (hiding).
 41477 | Snake:4  | 41477 ||| Stepping ~*~*~tactically~*~*~ (hiding).
 41684 | Snake:4  | 41684 ||| Stepping ~*~*~tactically~*~*~ (hiding).
 41782 | Snake:4  | 41782 ||| Stepping ~*~*~tactically~*~*~ (hiding).
 41958 | Snake:4  | 41958 ||| PLANNING DEPTHS
 41958 | Snake:4  | 41958 ||| DROPPING +6 ring of intelligence.
 42205 | Depths:1 | Entered Level 1 of the Depths
 42213 | Depths:1 | 42213 ||| Stepping ~*~*~tactically~*~*~ (hiding).
 42404 | Depths:1 | 42404 ||| INVOKING Heroism.
 42405 | Depths:1 | 42405 ||| INVOKING Finesse.
 42419 | Depths:1 | Reached skill level 19 in Fighting
 42433 | Depths:1 | Received a gift from Okawaru
 42585 | Depths:1 | Found a gateway to Hell.
 42586 | Depths:1 | 42586 ||| INVOKING Finesse.
 42648 | Depths:1 | 42648 ||| Stepping ~*~*~tactically~*~*~ (stealth).
 42827 | Depths:1 | 42827 ||| Stepping ~*~*~tactically~*~*~ (stealth).
 42935 | Depths:1 | Identified the +5 hand axe of Annoyance {freeze, rCorr}
                  | (Okawaru gifted it to you on level 1 of the Depths)
 42935 | Depths:1 | Received a gift from Okawaru
 43000 | Depths:1 | 43000 ||| Stepping ~*~*~tactically~*~*~ (hiding).
 43055 | Depths:1 | 43055 ||| Stepping ~*~*~tactically~*~*~ (hiding).
 43056 | Depths:1 | 43056 ||| Stepping ~*~*~tactically~*~*~ (hiding).
 43333 | Depths:1 | Found a one-way gate to the infinite horrors of the Abyss.
 43504 | Depths:1 | 43504 ||| READING scroll labelled DOSHRYXTOIKH.
 43641 | Depths:2 | 43641 ||| Stepping ~*~*~tactically~*~*~ (stealth).
 43761 | Depths:2 | 43761 ||| Stepping ~*~*~tactically~*~*~ (stealth).
 43772 | Depths:2 | Reached XP level 22. HP: 145/149 MP: 29/29
 43878 | Depths:2 | 43878 ||| Stepping ~*~*~tactically~*~*~ (hiding).
 43889 | Depths:2 | Noticed a golden dragon
 43890 | Depths:2 | 43890 ||| INVOKING Heroism.
 43891 | Depths:2 | 43891 ||| INVOKING Finesse.
 43907 | Depths:2 | Killed a golden dragon
 43910 | Depths:2 | 43910 ||| Stepping ~*~*~tactically~*~*~ (hiding).
 43912 | Depths:2 | 43912 ||| Stepping ~*~*~tactically~*~*~ (hiding).
 44000 | Depths:2 | 44000 ||| Stepping ~*~*~tactically~*~*~ (hiding).
 44049 | Depths:2 | 44049 ||| Stepping ~*~*~tactically~*~*~ (stealth).
 44071 | Depths:2 | Found a one-way gate leading to the halls of Pandemonium.
 44073 | Depths:2 | Gained mutation: Your body sometimes deteriorates upon
                  | taking damage. [a neqoxec]
 44143 | Depths:2 | 44143 ||| INVOKING Heroism.
 44196 | Depths:2 | 44196 ||| INVOKING Finesse.
 44208 | Depths:2 | 44208 ||| INVOKING Heroism.
 44250 | Depths:2 | Identified the +10 halberd of Magnificence {spect, rC+
                  | Int+2 Stlth+} (Okawaru gifted it to you on level 2 of the
                  | Depths)
 44250 | Depths:2 | Received a gift from Okawaru
 44258 | Depths:2 | 44258 ||| Stepping ~*~*~tactically~*~*~ (stealth).
 44288 | Depths:2 | 44288 ||| Stepping ~*~*~tactically~*~*~ (hiding).
 44300 | Depths:2 | 44300 ||| Stepping ~*~*~tactically~*~*~ (stealth).
 44301 | Depths:2 | 44301 ||| Stepping ~*~*~tactically~*~*~ (stealth).
 44326 | Depths:2 | 44326 ||| Stepping ~*~*~tactically~*~*~ (hiding).
 44553 | Depths:2 | 44553 ||| Stepping ~*~*~tactically~*~*~ (stealth).
 44555 | Depths:2 | 44555 ||| Stepping ~*~*~tactically~*~*~ (stealth).
 44591 | Depths:2 | Found an iron altar of Okawaru.
 44618 | Depths:2 | 44618 ||| Stepping ~*~*~tactically~*~*~ (stealth).
 44620 | Depths:2 | 44620 ||| INVOKING Finesse.
 44675 | Depths:2 | Found a one-way gateway to a ziggurat.
 44676 | Depths:2 | Paralysed by a floating eye for 3 turns
 44717 | Depths:2 | 44717 ||| Stepping ~*~*~tactically~*~*~ (stealth).
 44723 | Depths:2 | 44723 ||| Stepping ~*~*~tactically~*~*~ (stealth).
 44726 | Depths:2 | 44726 ||| Stepping ~*~*~tactically~*~*~ (stealth).
 45065 | Depths:2 | 45065 ||| Stepping ~*~*~tactically~*~*~ (stealth).
 45072 | Depths:2 | 45072 ||| Stepping ~*~*~tactically~*~*~ (hiding).
 45073 | Depths:2 | 45073 ||| Stepping ~*~*~tactically~*~*~ (hiding).
 45085 | Depths:2 | Identified the ring of Lucidity {rC+ EV+5 Dex-4 SInv
                  | Stlth+}
 45100 | Depths:2 | Received a gift from Okawaru
 45334 | Depths:2 | 45334 ||| DROPPING ring of protection from cold.
 45335 | Depths:2 | 45335 ||| UPGRADING to ring of Lucidity {rC+ EV+5 Dex-4
                  | SInv Stlth+}.
 45360 | Depths:3 | 45360 ||| PLANNING BAZAAR
 45368 | Depths:3 | Found a runed translucent gate.
 45368 | Depths:3 | Found a runed translucent gate.
 45369 | Depths:3 | Noticed qw's ghost (veteran GrFi)
 45370 | Depths:3 | Found a runed translucent gate.
 45396 | Depths:3 | 45396 ||| Stepping ~*~*~tactically~*~*~ (hiding).
 45408 | Depths:3 | 45408 ||| INVOKING Heroism.
 45430 | Depths:3 | Reached skill level 20 in Fighting
 45439 | Depths:3 | Received a gift from Okawaru
 45440 | Depths:3 | 45440 ||| INVOKING Finesse.
 45451 | Depths:3 | Received a gift from Okawaru
 45702 | Depths:3 | Found Hurpheko's Jewellery Shoppe.
 45703 | Depths:3 | Found Sush's Book Boutique.
 45705 | Depths:3 | Found Kifaj's Jewellery Shoppe.
 45718 | Depths:3 | 45718 ||| BUYING amulet of Moderation {Faith Harm Str+8
                  | Int-4 Stlth+} (989 gold).
 45718 | Depths:3 | Bought the amulet of Moderation {Faith Harm Str+8 Int-4
                  | Stlth+} for 989 gold pieces
 45722 | Depths:3 | 45722 ||| BUYING ring "Anwaty" {rN+ rCorr SInv} (699 gold).
 45722 | Depths:3 | Bought the ring "Anwaty" {rN+ rCorr SInv} for 699 gold
                  | pieces
 45722 | Depths:3 | 45722 ||| BUYING ring of resist corrosion (440 gold).
 45722 | Depths:3 | Bought a ring of resist corrosion for 440 gold pieces
 45749 | Depths:3 | Reached skill level 21 in Shields
 45797 | Depths:3 | Found a flickering gateway to a bazaar.
 45798 | Depths:3 | 45798 ||| READING scroll labelled DIUTZEX DAALU.
 45805 | Bazaar   | Entered a bazaar
 45814 | Bazaar   | Found Nuismoas's Antique Weapon Emporium.
 45827 | Bazaar   | Found Raac's Antique Weapon Shoppe.
 45833 | Bazaar   | 45833 ||| BUYING runed war axe (234 gold).
 45833 | Bazaar   | Bought a runed war axe for 234 gold pieces
 45844 | Bazaar   | Found Qumol's Antique Armour Shoppe.
 45855 | Bazaar   | Found Ygad Toa's Antique Armour Emporium.
 45872 | Depths:3 | 45872 ||| PLANNING DEPTHS
 45893 | Depths:3 | 45893 ||| INVOKING Heroism.
 45894 | Depths:3 | 45894 ||| INVOKING Finesse.
 45914 | Depths:3 | 45914 ||| Stepping ~*~*~tactically~*~*~ (cloud).
 45956 | Depths:3 | Found Suywaiti's Antique Weapon Shoppe.
 45963 | Depths:3 | 45963 ||| INVOKING Heroism.
 45967 | Depths:3 | 45967 ||| INVOKING Finesse.
 46112 | Depths:3 | Found a white marble altar of Elyvilon.
 46216 | Depths:3 | 46216 ||| Stepping ~*~*~tactically~*~*~ (hiding).
 46217 | Depths:3 | 46217 ||| Stepping ~*~*~tactically~*~*~ (hiding).
 46218 | Depths:3 | 46218 ||| Stepping ~*~*~tactically~*~*~ (hiding).
 46284 | Depths:3 | 46284 ||| Stepping ~*~*~tactically~*~*~ (hiding).
 46285 | Depths:3 | 46285 ||| Stepping ~*~*~tactically~*~*~ (hiding).
 46605 | Depths:4 | Entered Level 4 of the Depths
 46611 | Depths:4 | 46611 ||| Stepping ~*~*~tactically~*~*~ (hiding).
 46616 | Depths:4 | 46616 ||| Stepping ~*~*~tactically~*~*~ (stealth).
 46617 | Depths:4 | 46617 ||| Stepping ~*~*~tactically~*~*~ (stealth).
 46621 | Depths:4 | 46621 ||| INVOKING Heroism.
 46628 | Depths:4 | Received a gift from Okawaru
 46633 | Depths:4 | 46633 ||| Stepping ~*~*~tactically~*~*~ (hiding).
 46888 | Depths:4 | 46888 ||| FLEEEEING.
 46946 | Depths:4 | 46946 ||| Stepping ~*~*~tactically~*~*~ (stealth).
 46947 | Depths:4 | 46947 ||| Stepping ~*~*~tactically~*~*~ (stealth).
 46975 | Depths:4 | 46975 ||| Stepping ~*~*~tactically~*~*~ (hiding).
 46976 | Depths:4 | 46976 ||| Stepping ~*~*~tactically~*~*~ (hiding).
 46978 | Depths:4 | 46978 ||| Stepping ~*~*~tactically~*~*~ (hiding).
 47122 | Depths:4 | 47122 ||| INVOKING Heroism.
 47129 | Depths:4 | Reached XP level 23. HP: 127/158 MP: 28/30
 47152 | Depths:4 | 47152 ||| Stepping ~*~*~tactically~*~*~ (stealth).
 47155 | Depths:4 | 47155 ||| Stepping ~*~*~tactically~*~*~ (hiding).
 47156 | Depths:4 | 47156 ||| Stepping ~*~*~tactically~*~*~ (hiding).
 47157 | Depths:4 | 47157 ||| Stepping ~*~*~tactically~*~*~ (hiding).
 47158 | Depths:4 | 47158 ||| Stepping ~*~*~tactically~*~*~ (hiding).
 47159 | Depths:4 | 47159 ||| Stepping ~*~*~tactically~*~*~ (hiding).
 47160 | Depths:4 | 47160 ||| Stepping ~*~*~tactically~*~*~ (hiding).
 47161 | Depths:4 | 47161 ||| Stepping ~*~*~tactically~*~*~ (hiding).
 47162 | Depths:4 | 47162 ||| Stepping ~*~*~tactically~*~*~ (hiding).
 47163 | Depths:4 | 47163 ||| Stepping ~*~*~tactically~*~*~ (hiding).
 47333 | Depths:4 | 47333 ||| Stepping ~*~*~tactically~*~*~ (hiding).
 47334 | Depths:4 | 47334 ||| Stepping ~*~*~tactically~*~*~ (hiding).
 47422 | Depths:4 | Found a gate to the Realm of Zot.
 47422 | Depths:4 | Noticed a golden dragon
 47423 | Depths:4 | 47423 ||| Stepping ~*~*~tactically~*~*~ (hiding).
 47424 | Depths:4 | 47424 ||| Stepping ~*~*~tactically~*~*~ (hiding).
 47435 | Depths:4 | 47435 ||| INVOKING Heroism.
 47436 | Depths:4 | 47436 ||| INVOKING Finesse.
 47443 | Depths:4 | Killed a golden dragon
 47448 | Depths:4 | Received a gift from Okawaru
 47493 | Depths:4 | Reached skill level 21 in Fighting
 47537 | Depths:4 | 47537 ||| Stepping ~*~*~tactically~*~*~ (hiding).
 47552 | Depths:4 | 47552 ||| Stepping ~*~*~tactically~*~*~ (hiding).
 47571 | Depths:4 | 47571 ||| DROPPING +1 helmet.
 47587 | Depths:4 | 47587 ||| PLANNING VAULTS:5
 47587 | Depths:4 | 47587 ||| DROPPING +0 pair of boots of flying.
 47597 | Depths:4 | 47597 ||| PLANNING DEPTHS
 47597 | Depths:4 | 47597 ||| Stepping ~*~*~tactically~*~*~ (hiding).
 47601 | Depths:4 | 47601 ||| Stepping ~*~*~tactically~*~*~ (hiding).
 47616 | Depths:4 | 47616 ||| Stepping ~*~*~tactically~*~*~ (hiding).
 47714 | Depths:4 | 47714 ||| PLANNING VAULTS:5
 47731 | Depths:4 | 47731 ||| Stepping ~*~*~tactically~*~*~ (hiding).
 47773 | Depths:4 | 47773 ||| PLANNING DEPTHS
 47783 | Depths:4 | Noticed a golden dragon
 47784 | Depths:4 | 47784 ||| INVOKING Heroism.
 47785 | Depths:4 | 47785 ||| INVOKING Finesse.
 47802 | Depths:4 | Killed a golden dragon
 47885 | Depths:4 | Found Nolaor's Magic Scroll Emporium.
 47888 | Depths:4 | 47888 ||| SHOPLISTING scroll of acquirement (728 gold, have
                  | 381).
 47950 | Depths:4 | 47950 ||| DRINKING potion of resistance.
 47959 | Depths:4 | 47959 ||| INVOKING Heroism.
 47995 | Depths:4 | 47995 ||| INVOKING Heroism.
 48002 | Depths:4 | Received a gift from Okawaru
 48016 | Depths:4 | HP: 16/161 [hellephant/blast of flame (38)]
 48017 | Depths:4 | 48017 ||| READING 9 scrolls of teleportation.
 48018 | Depths:4 | 48018 ||| DRINKING 2 potions of heal wounds.
 48019 | Depths:4 | 48019 ||| DRINKING potion of heal wounds.
 48130 | Depths:4 | 48130 ||| Stepping ~*~*~tactically~*~*~ (stealth).
 48230 | Depths:4 | 48230 ||| INVOKING Heroism.
 48265 | Depths:4 | 48265 ||| INVOKING Finesse.
 48274 | Depths:4 | Reached skill level 22 in Fighting
 48329 | Depths:4 | Noticed a golden dragon
 48330 | Depths:4 | 48330 ||| INVOKING Heroism.
 48338 | Depths:4 | Killed a golden dragon
 48432 | Depths:4 | Noticed a golden dragon
 48433 | Depths:4 | 48433 ||| Stepping ~*~*~tactically~*~*~ (stealth).
 48434 | Depths:4 | 48434 ||| INVOKING Heroism.
 48443 | Depths:4 | Killed a golden dragon
 48568 | Depths:4 | 48568 ||| Stepping ~*~*~tactically~*~*~ (stealth).
 48590 | Depths:4 | 48590 ||| INVOKING Heroism.
 48758 | Depths:4 | 48758 ||| PLANNING VAULTS:5
 48780 | Depths:4 | 48780 ||| Stepping ~*~*~tactically~*~*~ (hiding).
 49236 | Vaults:5 | Entered Level 5 of the Vaults
 49238 | Vaults:5 | 49238 ||| INVOKING Heroism.
 49255 | Vaults:5 | Reached skill level 12 in Throwing
 49258 | Vaults:5 | Received a gift from Okawaru
 49288 | Vaults:5 | Noticed a dread lich
 49289 | Vaults:5 | 49289 ||| INVOKING Finesse.
 49289 | Vaults:5 | Noticed a dread lich
 49293 | Vaults:5 | Identified the +7 great mace of Ziriga {speed, rCorr}
 49295 | Vaults:5 | 49295 ||| INVOKING Heroism.
 49295 | Vaults:5 | Paralysed by a dread lich for 3 turns
 49309 | Vaults:5 | Killed a dread lich
 49310 | Vaults:5 | Reached skill level 21 in Armour
 49311 | Vaults:5 | Noticed a golden dragon
 49313 | Vaults:5 | Killed a dread lich
 49313 | Vaults:5 | Received a gift from Okawaru
 49314 | Vaults:5 | Reached XP level 24. HP: 168/168 MP: 25/30
 49326 | Vaults:5 | Identified the +9 broad axe of the Forgotten Wishes {heavy,
                  | Will+ Str+5 Dex+4} (Okawaru gifted it to you on level 5 of
                  | the Vaults)
 49326 | Vaults:5 | Received a gift from Okawaru
 49332 | Vaults:5 | 49332 ||| INVOKING Heroism.
 49357 | Vaults:5 | Received a gift from Okawaru
 49371 | Vaults:5 | Received a gift from Okawaru
 49392 | Vaults:5 | Received a gift from Okawaru
 49500 | Vaults:5 | 49500 ||| SWAPPING to +9 broad axe of the Forgotten Wishes
                  | {heavy, Will+ Str+5 Dex+4}.
 49501 | Vaults:5 | 49501 ||| DROPPING +5 hand axe of Annoyance {freeze,
                  | rCorr}.
 49502 | Vaults:5 | 49502 ||| DROPPING +6 broad axe.
 49503 | Vaults:5 | 49503 ||| DROPPING +0 vampiric war axe.
 49504 | Vaults:5 | 49504 ||| DROPPING +6 war axe of holy wrath.
 49551 | Vaults:5 | Found the +0 pair of fencer's gloves {Riposte Dex+3}
 49619 | Vaults:5 | Found the +7 Spriggan's Knife {stab, EV+4 Stlth+}
 49684 | Vaults:5 | Identified the staff "Rieqos" {Fly rPois rC+ Int+6 Dex-2
                  | Ice}
 49703 | Vaults:5 | 49703 ||| READING scroll of enchant armour.
 49703 | Vaults:5 | 49703 ||| ENCHANTING +1 helmet.
 49825 | Vaults:5 | Identified the +5 glaive of Distant Worlds {venom, rPois
                  | MP+9}
 49834 | Vaults:5 | Got a silver rune of Zot
 49875 | Vaults:5 | Identified the ring "Juck" {rC+ rCorr}
 49884 | Vaults:5 | Identified the +6 arbalest "Zat Kupn" {freeze, *Slow rElec
                  | rC+ Dex+5}
 49896 | Vaults:5 | 49896 ||| Stepping ~*~*~tactically~*~*~ (hiding).
 49898 | Vaults:5 | 49898 ||| Stepping ~*~*~tactically~*~*~ (hiding).
 49900 | Vaults:5 | Noticed an ancient lich
 49901 | Vaults:5 | 49901 ||| INVOKING Heroism.
 49902 | Vaults:5 | 49902 ||| INVOKING Finesse.
 49907 | Vaults:5 | Killed an ancient lich
 50036 | Vaults:5 | Identified the +0 robe of Pauxtary {rElec SInv}
 50502 | Vaults:5 | 50502 ||| PLANNING SHOPPING SPREE
 50502 | Vaults:5 | 50502 ||| DROPPING +2 pair of gloves of hurling.
 50503 | Vaults:5 | 50503 ||| DROPPING +2 pair of gloves of stealth.
 50504 | Vaults:5 | 50504 ||| DROPPING ring of see invisible.
 50505 | Vaults:5 | 50505 ||| DROPPING ring of protection from cold.
 50506 | Vaults:5 | 50506 ||| DROPPING ring of resist corrosion.
 50861 | Depths:4 | 50861 ||| BUYING scroll of acquirement (728 gold).
 50861 | Depths:4 | Bought a scroll of acquirement for 728 gold pieces
 50861 | Depths:4 | 50861 ||| READING scroll of acquirement.
 50861 | Depths:4 | 50861 ||| ACQUIRING scarf of Mutzeow {repulsion, Fly rF-
                  | rCorr Stlth-}
 50861 | Depths:4 | Acquired the scarf of Mutzeow {repulsion, Fly rF- rCorr
                  | Stlth-}
 50863 | Depths:4 | 50863 ||| PLANNING ZOT:1-4
 51013 | Depths:4 | 51013 ||| Stepping randomly (stuck).
 51048 | Zot:1    | Entered Level 1 of the Realm of Zot
 51049 | Zot:1    | 51049 ||| INVOKING Heroism.
 51055 | Zot:1    | Reached skill level 9 in Dodging
 51116 | Zot:1    | Identified the +7 mace of Oenomania {freeze, *Corrode rPois
                  | Int+7 Stlth+}
 51141 | Zot:1    | 51141 ||| INVOKING Heroism.
 51143 | Zot:1    | Identified the +0 pair of gloves "Gorch" {-Tele rPois
                  | Dex+9} (Okawaru gifted it to you on level 1 of the Realm of
                  | Zot)
 51143 | Zot:1    | Received a gift from Okawaru
 51146 | Zot:1    | 51146 ||| Stepping ~*~*~tactically~*~*~ (hiding).
 51321 | Zot:1    | Identified the +5 mace of Medoif Peet {flame, rN+}
 51482 | Zot:1    | Reached skill level 23 in Fighting
 51485 | Zot:1    | 51485 ||| INVOKING Heroism.
 51486 | Zot:1    | 51486 ||| INVOKING Finesse.
 51515 | Zot:1    | 51515 ||| FLEEEEING.
 51516 | Zot:1    | 51516 ||| FLEEEEING.
 51517 | Zot:1    | 51517 ||| FLEEEEING.
 51518 | Zot:1    | 51518 ||| FLEEEEING.
 51523 | Zot:1    | 51523 ||| FLEEEEING.
 51524 | Zot:1    | 51524 ||| FLEEEEING.
 51525 | Zot:1    | 51525 ||| FLEEEEING.
 51526 | Zot:1    | 51526 ||| FLEEEEING.
 51527 | Zot:1    | 51527 ||| FLEEEEING.
 51528 | Zot:1    | 51528 ||| FLEEEEING.
 51529 | Zot:1    | 51529 ||| FLEEEEING.
 51544 | Zot:1    | 51544 ||| INVOKING Heroism.
 51547 | Zot:1    | 51547 ||| Stepping ~*~*~tactically~*~*~ (hiding).
 51548 | Zot:1    | 51548 ||| Stepping ~*~*~tactically~*~*~ (hiding).
 51958 | Zot:1    | 51958 ||| Stepping ~*~*~tactically~*~*~ (stealth).
 52056 | Zot:1    | 52056 ||| INVOKING Heroism.
 52059 | Zot:1    | 52059 ||| INVOKING Finesse.
 52081 | Zot:1    | Noticed a curse toe
 52088 | Zot:1    | 52088 ||| Stepping ~*~*~tactically~*~*~ (hiding).
 52090 | Zot:1    | 52090 ||| Stepping ~*~*~tactically~*~*~ (hiding).
 52094 | Zot:1    | Received a gift from Okawaru
 52098 | Zot:1    | Killed a curse toe
 52099 | Zot:1    | Reached XP level 25. HP: 143/176 MP: 18/30
 52200 | Zot:1    | Found a sacrificial altar of Ru.
 52201 | Zot:1    | 52201 ||| INVOKING Heroism.
 52202 | Zot:1    | 52202 ||| INVOKING Finesse.
 52207 | Zot:1    | Received a gift from Okawaru
 52294 | Zot:1    | Identified the +7 shortbow of Cataclysm {flame, Str+6
                  | Dex+3}
 52562 | Zot:1    | Received a gift from Okawaru
 52611 | Zot:1    | 52611 ||| DROPPING +4 ring of protection.
 52612 | Zot:1    | 52612 ||| DROPPING +6 ring of dexterity.
 52650 | Zot:2    | 52650 ||| Stepping ~*~*~tactically~*~*~ (hiding).
 52651 | Zot:2    | 52651 ||| FLEEEEING.
 52652 | Zot:2    | 52652 ||| STAIRDANCE
 52713 | Zot:1    | 52713 ||| Stepping ~*~*~tactically~*~*~ (stealth).
 52740 | Zot:2    | 52740 ||| INVOKING Heroism.
 52748 | Zot:2    | Received a gift from Okawaru
 52771 | Zot:2    | 52771 ||| Stepping ~*~*~tactically~*~*~ (stealth).
 52816 | Zot:2    | 52816 ||| FLEEEEING.
 52817 | Zot:2    | 52817 ||| STAIRDANCE
 52907 | Zot:2    | Received a gift from Okawaru
 52908 | Zot:2    | 52908 ||| Stepping ~*~*~tactically~*~*~ (hiding).
 52909 | Zot:2    | 52909 ||| INVOKING Heroism.
 52933 | Zot:2    | 52933 ||| Stepping ~*~*~tactically~*~*~ (stealth).
 52939 | Zot:2    | 52939 ||| INVOKING Heroism.
 53108 | Zot:2    | Received a gift from Okawaru
 53120 | Zot:2    | 53120 ||| Stepping ~*~*~tactically~*~*~ (hiding).
 53124 | Zot:2    | Noticed an orb of fire
 53126 | Zot:2    | 53126 ||| INVOKING Heroism.
 53127 | Zot:2    | 53127 ||| INVOKING Finesse.
 53135 | Zot:2    | Killed an orb of fire
 53180 | Zot:2    | Found a transporter.
 53201 | Zot:2    | Paralysed by a Zot trap for 5 turns
 53225 | Zot:2    | Gained mutation: You are vulnerable to heat. (rF-)
                  | [mutagenic glow]
 53226 | Zot:2    | 53226 ||| DRINKING 10 potions of mutation.
 53226 | Zot:2    | Lost mutation: You are weak. (Str -2) [potion of mutation]
 53226 | Zot:2    | Lost mutation: Your body sometimes deteriorates upon taking
                  | damage. [potion of mutation]
 53226 | Zot:2    | Lost mutation: You are vulnerable to heat. (rF-) [potion of
                  | mutation]
 53226 | Zot:2    | Gained mutation: You are weak. (Str -2) [potion of
                  | mutation]
 53226 | Zot:2    | Lost mutation: You are weak. (Str -2) [potion of mutation]
 53246 | Zot:2    | Gained mutation: You are weak. (Str -2) [mutagenic glow]
 53269 | Zot:2    | 53269 ||| Stepping ~*~*~tactically~*~*~ (hiding).
 53294 | Zot:2    | 53294 ||| Stepping ~*~*~tactically~*~*~ (hiding).
 53295 | Zot:2    | 53295 ||| Stepping ~*~*~tactically~*~*~ (hiding).
 53300 | Zot:2    | Reached skill level 24 in Fighting
 53539 | Zot:2    | Identified the +1 cloak of Eroezyta {Slay+3 SInv}
 53539 | Zot:2    | Identified the +0 cloak "Peduonku" {*Slow +Blink rCorr
                  | SInv}
 53541 | Zot:2    | Noticed qw's ghost (veteran GrHu)
 53542 | Zot:2    | Found a bloodstained altar of Trog.
 53552 | Zot:2    | Found a transporter.
 53663 | Zot:2    | 53663 ||| DROPPING +2 cloak.
 53688 | Zot:3    | 53688 ||| Stepping ~*~*~tactically~*~*~ (hiding).
 53695 | Zot:3    | Noticed Reuno's ghost (veteran GrFi)
 53699 | Zot:3    | 53699 ||| INVOKING Heroism.
 53702 | Zot:3    | 53702 ||| Stepping ~*~*~tactically~*~*~ (hiding).
 53714 | Zot:3    | Noticed a Killer Klown
 53715 | Zot:3    | 53715 ||| Stepping ~*~*~tactically~*~*~ (stealth).
 53729 | Zot:3    | 53729 ||| INVOKING Finesse.
 53734 | Zot:3    | Killed a Killer Klown
 53838 | Zot:3    | Found a runed translucent door.
 53887 | Zot:3    | 53887 ||| INVOKING Heroism.
 53933 | Zot:3    | 53933 ||| INVOKING Heroism.
 54176 | Zot:3    | Gained mutation: You are clumsy. (Dex -2) [mutagenic glow]
 54393 | Zot:3    | You are sucked into a shaft and drop 1 floor!
 54427 | Zot:3    | Identified the +9 morningstar of the Final Decision
                  | {freeze, rElec rC+ Will- Dex+6}
 54527 | Zot:4    | 54527 ||| INVOKING Heroism.
 54531 | Zot:4    | Noticed a Killer Klown
 54532 | Zot:4    | 54532 ||| INVOKING Finesse.
 54538 | Zot:4    | Received a gift from Okawaru
 54559 | Zot:4    | 54559 ||| Stepping ~*~*~tactically~*~*~ (hiding).
 54563 | Zot:4    | Killed a Killer Klown
 54802 | Zot:4    | 54802 ||| Stepping ~*~*~tactically~*~*~ (hiding).
 54806 | Zot:4    | 54806 ||| Stepping ~*~*~tactically~*~*~ (hiding).
 54808 | Zot:4    | 54808 ||| INVOKING Heroism.
 54819 | Zot:4    | Identified the +4 hand axe of Irrepressible Laughter {holy,
                  | rF- Will+++ Str+4 Dex-5} (Okawaru gifted it to you on level
                  | 4 of the Realm of Zot)
 54819 | Zot:4    | Received a gift from Okawaru
 55115 | Zot:4    | 55115 ||| Stepping ~*~*~tactically~*~*~ (stealth).
 55117 | Zot:4    | 55117 ||| Stepping ~*~*~tactically~*~*~ (stealth).
 55119 | Zot:4    | 55119 ||| Stepping ~*~*~tactically~*~*~ (hiding).
 55126 | Zot:4    | 55126 ||| INVOKING Heroism.
 55233 | Zot:4    | Noticed a Killer Klown
 55234 | Zot:4    | 55234 ||| INVOKING Heroism.
 55235 | Zot:4    | 55235 ||| INVOKING Finesse.
 55238 | Zot:4    | Killed a Killer Klown
 55239 | Zot:4    | Reached skill level 25 in Fighting
 55246 | Zot:4    | 55246 ||| Stepping ~*~*~tactically~*~*~ (stealth).
 55249 | Zot:4    | 55249 ||| Stepping ~*~*~tactically~*~*~ (stealth).
 55667 | Zot:4    | 55667 ||| PLANNING SLIME:5
 55667 | Zot:4    | 55667 ||| SWAPPING to +6 vampiric broad axe.
 55668 | Zot:4    | 55668 ||| READING 3 scrolls of enchant weapon.
 55668 | Zot:4    | 55668 ||| ENCHANTING +6 vampiric broad axe.
 55669 | Zot:4    | 55669 ||| READING 2 scrolls of enchant weapon.
 55669 | Zot:4    | 55669 ||| ENCHANTING +7 vampiric broad axe.
 55670 | Zot:4    | 55670 ||| READING scroll of enchant weapon.
 55670 | Zot:4    | 55670 ||| ENCHANTING +8 vampiric broad axe.
 55671 | Zot:4    | 55671 ||| UPGRADING to scarf of Mutzeow {repulsion, Fly rF-
                  | rCorr Stlth-}.
 56111 | Slime:1  | Entered Level 1 of the Pits of Slime
 56117 | Slime:2  | Noticed Dissolution
 56123 | Slime:2  | Killed Dissolution
 56133 | Slime:2  | 56133 ||| Stepping ~*~*~tactically~*~*~ (stealth).
 56137 | Slime:2  | 56137 ||| Stepping ~*~*~tactically~*~*~ (stealth).
 56142 | Slime:2  | 56142 ||| Stepping ~*~*~tactically~*~*~ (hiding).
 56284 | Slime:5  | Entered Level 5 of the Pits of Slime
 56304 | Slime:5  | Reached XP level 26. HP: 188/188 MP: 30/30
 56376 | Slime:5  | 56376 ||| Stepping ~*~*~tactically~*~*~ (stealth).
 56398 | Slime:5  | Gained mutation: You occasionally lose the ability to read
                  | scrolls when taking damage. [a shining eye]
 56401 | Slime:5  | 56401 ||| DRINKING 9 potions of mutation.
 56401 | Slime:5  | Lost mutation: You are weak. (Str -2) [potion of mutation]
 56401 | Slime:5  | Lost mutation: You are clumsy. (Dex -2) [potion of
                  | mutation]
 56401 | Slime:5  | Lost mutation: You occasionally lose the ability to read
                  | scrolls when taking damage. [potion of mutation]
 56401 | Slime:5  | Gained mutation: You are vulnerable to heat. (rF-) [potion
                  | of mutation]
 56401 | Slime:5  | Gained mutation: You are robust. (+10% HP) [potion of
                  | mutation]
 56434 | Slime:5  | 56434 ||| DRINKING 8 potions of mutation.
 56434 | Slime:5  | Lost mutation: You are vulnerable to heat. (rF-) [potion of
                  | mutation]
 56434 | Slime:5  | Lost mutation: You are robust. (+10% HP) [potion of
                  | mutation]
 56434 | Slime:5  | Gained mutation: You are partially covered in large bone
                  | plates. (SH +4) [potion of mutation]
 56440 | Slime:5  | 56440 ||| UPGRADING to +5 ring of evasion.
 56442 | Slime:5  | Found a viscous altar of Jiyva.
 56454 | Slime:5  | Received a gift from Okawaru
 56597 | Slime:5  | Noticed the Royal Jelly
 56604 | Slime:5  | 56604 ||| INVOKING Heroism.
 56605 | Slime:5  | 56605 ||| INVOKING Finesse.
 56621 | Slime:5  | 56621 ||| DRINKING 2 potions of cancellation.
 56625 | Slime:5  | Killed the Royal Jelly
 56625 | Slime:5  | Received a gift from Okawaru
 56697 | Slime:5  | Identified the +9 great mace of Yredelemnul's Regard
                  | {freeze, Fragile rPois Dex+5 SInv}
 56712 | Slime:5  | Identified the ring of Ygguon {rC+ rN+ Will+ Str+2}
 56715 | Slime:5  | Got a slimy rune of Zot
 56764 | Slime:5  | 56764 ||| Stepping ~*~*~tactically~*~*~ (stealth).
 56901 | Slime:5  | Received a gift from Okawaru
 56924 | Slime:5  | 56924 ||| DRINKING 19 potions of curing.
 56924 | Slime:5  | 56924 ||| (to cure confusion)
 56932 | Slime:5  | Reached skill level 26 in Fighting
 57209 | Slime:5  | 57209 ||| DRINKING 18 potions of curing.
 57209 | Slime:5  | 57209 ||| (to cure confusion)
 57210 | Slime:5  | 57210 ||| DRINKING 17 potions of curing.
 57210 | Slime:5  | 57210 ||| (to cure confusion)
 57211 | Slime:5  | 57211 ||| DRINKING 16 potions of curing.
 57211 | Slime:5  | 57211 ||| (to cure confusion)
 57212 | Slime:5  | 57212 ||| DRINKING 15 potions of curing.
 57212 | Slime:5  | 57212 ||| (to cure confusion)
 57213 | Slime:5  | 57213 ||| DRINKING 14 potions of curing.
 57213 | Slime:5  | 57213 ||| (to cure confusion)
 57214 | Slime:5  | 57214 ||| DRINKING 13 potions of curing.
 57214 | Slime:5  | 57214 ||| (to cure confusion)
 57216 | Slime:5  | 57216 ||| DRINKING 12 potions of curing.
 57216 | Slime:5  | 57216 ||| (to cure confusion)
 57217 | Slime:5  | 57217 ||| DRINKING 11 potions of curing.
 57217 | Slime:5  | 57217 ||| (to cure confusion)
 57218 | Slime:5  | 57218 ||| DRINKING 10 potions of curing.
 57218 | Slime:5  | 57218 ||| (to cure confusion)
 57219 | Slime:5  | 57219 ||| DRINKING 9 potions of curing.
 57219 | Slime:5  | 57219 ||| (to cure confusion)
 57220 | Slime:5  | 57220 ||| DRINKING 8 potions of curing.
 57220 | Slime:5  | 57220 ||| (to cure confusion)
 57222 | Slime:5  | 57222 ||| DRINKING 7 potions of curing.
 57222 | Slime:5  | 57222 ||| (to cure confusion)
 57223 | Slime:5  | 57223 ||| DRINKING 6 potions of curing.
 57223 | Slime:5  | 57223 ||| (to cure confusion)
 57224 | Slime:5  | 57224 ||| DRINKING 5 potions of curing.
 57224 | Slime:5  | 57224 ||| (to cure confusion)
 57459 | Slime:5  | 57459 ||| PLANNING THE SHINING ONE WORSHIP
 57459 | Slime:5  | 57459 ||| DROPPING +0 acid dragon scales.
 57460 | Slime:5  | 57460 ||| UPGRADING to +0 cloak of willpower.
 57470 | Slime:5  | 57470 ||| DROPPING scarf of Mutzeow {repulsion, Fly rF-
                  | rCorr Stlth-}.
 57471 | Slime:5  | 57471 ||| UPGRADING to +0 cloak of the Barnacle {rF+ rC+}.
 57481 | Slime:5  | 57481 ||| DROPPING +0 cloak of willpower.
 57482 | Slime:5  | 57482 ||| DROPPING +2 pair of gloves.
 57483 | Slime:5  | 57483 ||| DROPPING ring of positive energy.
 57484 | Slime:5  | 57484 ||| DROPPING ring "Juck" {rC+ rCorr}.
 57485 | Slime:5  | 57485 ||| DROPPING ring "Anwaty" {rN+ rCorr SInv}.
 57486 | Slime:5  | 57486 ||| UPGRADING to ring of Ru's Grace {Wiz Will+ Str+5
                  | Dex+3 SInv}.
 57488 | Slime:5  | 57488 ||| UPGRADING to ring of Ygguon {rC+ rN+ Will+
                  | Str+2}.
 57872 | Temple   | 57872 ||| SWAPPING to +9 broad axe of the Forgotten Wishes
                  | {heavy, Will+ Str+5 Dex+4}.
 57873 | Temple   | Fell from the grace of Okawaru
 57873 | Temple   | Became a worshipper of the Shining One
 57874 | Temple   | 57874 ||| PLANNING CRYPT
 58263 | Crypt:1  | Entered Level 1 of the Crypt
 58271 | Crypt:1  | 58271 ||| Stepping ~*~*~tactically~*~*~ (hiding).
 58347 | Crypt:1  | Reached * piety under the Shining One
 58409 | Crypt:1  | 58409 ||| FLEEEEING.
 58410 | Crypt:1  | 58410 ||| FLEEEEING.
 58411 | Crypt:1  | 58411 ||| FLEEEEING.
 58412 | Crypt:1  | 58412 ||| FLEEEEING.
 58413 | Crypt:1  | 58413 ||| FLEEEEING.
 58414 | Crypt:1  | 58414 ||| FLEEEEING.
 58415 | Crypt:1  | 58415 ||| FLEEEEING.
 58416 | Crypt:1  | 58416 ||| FLEEEEING.
 58417 | Crypt:1  | 58417 ||| FLEEEEING.
 58418 | Crypt:1  | 58418 ||| FLEEEEING.
 58419 | Crypt:1  | 58419 ||| FLEEEEING.
 58420 | Crypt:1  | 58420 ||| FLEEEEING.
 58434 | Crypt:1  | 58434 ||| FLEEEEING.
 58435 | Crypt:1  | 58435 ||| FLEEEEING.
 58444 | Crypt:1  | 58444 ||| FLEEEEING.
 58445 | Crypt:1  | 58445 ||| FLEEEEING.
 58449 | Crypt:1  | 58449 ||| STAIRDANCE
 58601 | Crypt:1  | Reached ** piety under the Shining One
 58608 | Crypt:1  | 58608 ||| Stepping ~*~*~tactically~*~*~ (stealth).
 58609 | Crypt:1  | 58609 ||| Stepping ~*~*~tactically~*~*~ (stealth).
 58616 | Crypt:1  | 58616 ||| Stepping ~*~*~tactically~*~*~ (hiding).
 58617 | Crypt:1  | 58617 ||| Stepping ~*~*~tactically~*~*~ (hiding).
 58782 | Crypt:1  | Reached *** piety under the Shining One
 58783 | Crypt:1  | 58783 ||| Stepping ~*~*~tactically~*~*~ (stealth).
 58875 | Crypt:1  | 58875 ||| FLEEEEING.
 58879 | Crypt:1  | 58879 ||| INVOKING Cleansing Flame.
 58880 | Crypt:1  | 58880 ||| INVOKING Cleansing Flame.
 58884 | Crypt:1  | 58884 ||| FLEEEEING.
 58885 | Crypt:1  | 58885 ||| FLEEEEING.
 58886 | Crypt:1  | 58886 ||| FLEEEEING.
 58887 | Crypt:1  | 58887 ||| FLEEEEING.
 58888 | Crypt:1  | 58888 ||| FLEEEEING.
 58890 | Crypt:1  | 58890 ||| FLEEEEING.
 58891 | Crypt:1  | 58891 ||| FLEEEEING.
 58892 | Crypt:1  | 58892 ||| FLEEEEING.
 59026 | Crypt:1  | 59026 ||| Stepping ~*~*~tactically~*~*~ (stealth).
 59032 | Crypt:1  | 59032 ||| Stepping ~*~*~tactically~*~*~ (stealth).
 59033 | Crypt:1  | 59033 ||| Stepping ~*~*~tactically~*~*~ (stealth).
 59089 | Crypt:1  | 59089 ||| Stepping ~*~*~tactically~*~*~ (hiding).
 59090 | Crypt:1  | 59090 ||| Stepping ~*~*~tactically~*~*~ (hiding).
 59093 | Crypt:1  | 59093 ||| Stepping ~*~*~tactically~*~*~ (hiding).
 59215 | Crypt:1  | 59215 ||| Stepping ~*~*~tactically~*~*~ (hiding).
 59379 | Crypt:1  | Reached **** piety under the Shining One
 59388 | Crypt:1  | 59388 ||| Stepping ~*~*~tactically~*~*~ (hiding).
 59389 | Crypt:1  | 59389 ||| Stepping ~*~*~tactically~*~*~ (hiding).
 59419 | Crypt:1  | Found a runed translucent gate.
 59419 | Crypt:1  | Found a runed translucent gate.
 59419 | Crypt:1  | Found a runed translucent gate.
 59421 | Crypt:1  | Noticed Jetyrhek's ghost (veteran GrEE)
 59508 | Crypt:1  | Reached skill level 12 in Invocations
 59585 | Crypt:1  | Identified the +5 flail "Sianeos" {freeze, *Slow rPois
                  | rCorr}
 59587 | Crypt:1  | Found an iron altar of Okawaru.
 59618 | Crypt:2  | Reached ***** piety under the Shining One
 59736 | Crypt:2  | 59736 ||| FLEEEEING.
 59737 | Crypt:2  | 59737 ||| FLEEEEING.
 59738 | Crypt:2  | 59738 ||| FLEEEEING.
 59739 | Crypt:2  | 59739 ||| FLEEEEING.
 59740 | Crypt:2  | 59740 ||| FLEEEEING.
 59741 | Crypt:2  | 59741 ||| FLEEEEING.
 59742 | Crypt:2  | 59742 ||| FLEEEEING.
 59743 | Crypt:2  | 59743 ||| FLEEEEING.
 59744 | Crypt:2  | 59744 ||| FLEEEEING.
 59745 | Crypt:2  | 59745 ||| STAIRDANCE
 59864 | Crypt:1  | 59864 ||| DROPPING +6 ring of strength.
 59978 | Crypt:2  | 59978 ||| Stepping ~*~*~tactically~*~*~ (hiding).
 60032 | Crypt:2  | 60032 ||| INVOKING Summon Divine Warrior.
 60366 | Crypt:2  | Reached ****** piety under the Shining One
 60371 | Crypt:2  | 60371 ||| INVOKING Brand Weapon With Holy Wrath.
 60371 | Crypt:2  | Identified a +9 broad axe of holy wrath (a +9 vampiric
                  | broad axe blessed by the Shining One)
 60371 | Crypt:2  | Received a gift from the Shining One
 60372 | Crypt:2  | 60372 ||| SWAPPING to +9 broad axe of holy wrath.
 60674 | Crypt:2  | 60674 ||| UPGRADING to ring of Lucidity {rC+ EV+5 Dex-4
                  | SInv Stlth+}.
 60691 | Crypt:3  | Entered Level 3 of the Crypt
 60691 | Crypt:3  | Noticed Khufu
 60691 | Crypt:3  | Noticed a royal mummy
 60691 | Crypt:3  | Found a staircase to the Tomb.
 60692 | Crypt:3  | 60692 ||| INVOKING Summon Divine Warrior.
 60701 | Crypt:3  | 60701 ||| INVOKING Cleansing Flame.
 60705 | Crypt:3  | Killed a royal mummy
 60705 | Crypt:3  | Killed Khufu
 60731 | Crypt:3  | 60731 ||| INVOKING Cleansing Flame.
 60755 | Crypt:3  | Reached skill level 15 in Invocations
 60912 | Crypt:3  | Noticed Boris
 60914 | Crypt:3  | 60914 ||| INVOKING Summon Divine Warrior.
 60915 | Crypt:3  | Noticed Xtahua
 60916 | Crypt:3  | 60916 ||| INVOKING Cleansing Flame.
 60917 | Crypt:3  | 60917 ||| INVOKING Cleansing Flame.
 60921 | Crypt:3  | Killed Boris
 60928 | Crypt:3  | Killed Xtahua
 60935 | Crypt:3  | 60935 ||| FLEEEEING.
 60936 | Crypt:3  | 60936 ||| FLEEEEING.
 60937 | Crypt:3  | 60937 ||| FLEEEEING.
 61009 | Crypt:3  | 61009 ||| READING scroll of acquirement.
 61009 | Crypt:3  | 61009 ||| ACQUIRING 343 gold pieces
 61009 | Crypt:3  | Acquired 343 gold pieces
 61104 | Crypt:3  | Found the +7 great mace "Undeadhunter" {deathbane, rN+}
 61108 | Crypt:3  | Noticed a dread lich
 61108 | Crypt:3  | Noticed a dread lich
 61118 | Crypt:3  | 61118 ||| FLEEEEING.
 61299 | Crypt:3  | 61299 ||| PLANNING TOMB
 61335 | Tomb:1   | Entered Level 1 of the Tomb of the Ancients
 61728 | Tomb:1   | 61728 ||| INVOKING Cleansing Flame.
 61730 | Tomb:1   | Reached XP level 27. HP: 114/196 MP: 30/35
 61735 | Tomb:1   | 61735 ||| DRINKING 6 potions of curing.
 61735 | Tomb:1   | 61735 ||| (to cure confusion)
 61862 | Tomb:1   | Identified the +5 ring mail of Eternity {Harm Str+4 Slay-5}
 61915 | Tomb:1   | 61915 ||| FLEEEEING.
 61916 | Tomb:1   | 61916 ||| FLEEEEING.
 61934 | Tomb:1   | 61934 ||| FLEEEEING.
 61935 | Tomb:1   | 61935 ||| FLEEEEING.
 61936 | Tomb:1   | 61936 ||| FLEEEEING.
 61937 | Tomb:1   | 61937 ||| FLEEEEING.
 61938 | Tomb:1   | 61938 ||| FLEEEEING.
 61939 | Tomb:1   | 61939 ||| FLEEEEING.
 61940 | Tomb:1   | 61940 ||| FLEEEEING.
 62077 | Tomb:1   | 62077 ||| Stepping ~*~*~tactically~*~*~ (stealth).
 62086 | Tomb:1   | 62086 ||| INVOKING Cleansing Flame.
 62092 | Tomb:1   | 62092 ||| INVOKING Cleansing Flame.
 62093 | Tomb:1   | 62093 ||| FLEEEEING.
 62094 | Tomb:1   | 62094 ||| FLEEEEING.
 62095 | Tomb:1   | 62095 ||| FLEEEEING.
 62102 | Tomb:1   | 62102 ||| FLEEEEING.
 62136 | Tomb:1   | 62136 ||| Stepping ~*~*~tactically~*~*~ (stealth).
 62138 | Tomb:1   | 62138 ||| Stepping ~*~*~tactically~*~*~ (hiding).
 62158 | Tomb:1   | 62158 ||| Stepping ~*~*~tactically~*~*~ (stealth).
 62203 | Tomb:1   | 62203 ||| Stepping ~*~*~tactically~*~*~ (stealth).
 62206 | Tomb:1   | 62206 ||| Stepping ~*~*~tactically~*~*~ (stealth).
 62207 | Tomb:1   | 62207 ||| INVOKING Summon Divine Warrior.
 62259 | Tomb:1   | 62259 ||| INVOKING Cleansing Flame.
 62275 | Tomb:1   | 62275 ||| FLEEEEING.
 62276 | Tomb:1   | 62276 ||| FLEEEEING.
 62299 | Tomb:1   | Identified the orb "Mifa" {*Rage, rC+}
 62696 | Tomb:2   | 62696 ||| DRINKING 7 potions of haste.
 62697 | Tomb:2   | 62697 ||| DRINKING 11 potions of attraction.
 62698 | Tomb:2   | Noticed Mennas
 62698 | Tomb:2   | Noticed a royal mummy
 62702 | Tomb:2   | Noticed a royal mummy
 62702 | Tomb:2   | Noticed a royal mummy
 62708 | Tomb:2   | Killed a royal mummy
 62709 | Tomb:2   | Reached skill level 18 in Invocations
 62710 | Tomb:2   | Killed a royal mummy
 62713 | Tomb:2   | Killed a royal mummy
 62719 | Tomb:2   | 62719 ||| INVOKING Summon Divine Warrior.
 62720 | Tomb:2   | 62720 ||| DRINKING 5 potions of curing.
 62720 | Tomb:2   | 62720 ||| (to cure confusion)
 62727 | Tomb:2   | Killed Mennas
 62728 | Tomb:2   | Noticed a royal mummy
 62731 | Tomb:2   | 62731 ||| INVOKING Cleansing Flame.
 62734 | Tomb:2   | Killed a royal mummy
 62811 | Tomb:2   | 62811 ||| INVOKING Cleansing Flame.
 62812 | Tomb:2   | 62812 ||| INVOKING Cleansing Flame.
 62852 | Tomb:2   | 62852 ||| Stepping ~*~*~tactically~*~*~ (stealth).
 62944 | Tomb:2   | 62944 ||| Stepping ~*~*~tactically~*~*~ (hiding).
 62945 | Tomb:2   | 62945 ||| Stepping ~*~*~tactically~*~*~ (hiding).
 62946 | Tomb:2   | 62946 ||| Stepping ~*~*~tactically~*~*~ (hiding).
 62949 | Tomb:2   | 62949 ||| INVOKING Cleansing Flame.
 63020 | Tomb:2   | Gained mutation: You occasionally lose the ability to read
                  | scrolls when taking damage. [mutagenic glow]
 63021 | Tomb:2   | 63021 ||| DRINKING 10 potions of mutation.
 63021 | Tomb:2   | Lost mutation: You occasionally lose the ability to read
                  | scrolls when taking damage. [potion of mutation]
 63021 | Tomb:2   | Lost mutation: You are partially covered in large bone
                  | plates. (SH +4) [potion of mutation]
 63021 | Tomb:2   | Gained mutation: Your body sometimes deteriorates upon
                  | taking damage. [potion of mutation]
 63028 | Tomb:2   | Gained mutation: You occasionally shout uncontrollably at
                  | your foes. [mutagenic glow]
 63035 | Tomb:2   | Gained mutation: You occasionally lose the ability to read
                  | scrolls when taking damage. [mutagenic glow]
 63050 | Tomb:2   | 63050 ||| DRINKING 9 potions of mutation.
 63050 | Tomb:2   | Lost mutation: Your body sometimes deteriorates upon taking
                  | damage. [potion of mutation]
 63050 | Tomb:2   | Lost mutation: You occasionally lose the ability to read
                  | scrolls when taking damage. [potion of mutation]
 63050 | Tomb:2   | Lost mutation: You occasionally shout uncontrollably at
                  | your foes. [potion of mutation]
 63050 | Tomb:2   | Gained mutation: You have hidden genetic potential. [potion
                  | of mutation]
 63050 | Tomb:2   | Gained mutation: Your body sometimes deteriorates upon
                  | taking damage. [potion of mutation]
 63050 | Tomb:2   | Gained mutation: You are robust. (+10% HP) [potion of
                  | mutation]
 63065 | Tomb:2   | Gained mutation: You are weak. (Str -2) [mutagenic glow]
 63313 | Tomb:2   | Paralysed by a Zot trap for 4 turns
 63322 | Tomb:1   | Noticed a royal mummy
 63322 | Tomb:1   | Noticed a royal mummy
 63322 | Tomb:1   | Noticed a royal mummy
 63323 | Tomb:1   | 63323 ||| INVOKING Summon Divine Warrior.
 63323 | Tomb:1   | Noticed a royal mummy
 63323 | Tomb:1   | Noticed a royal mummy
 63324 | Tomb:1   | 63324 ||| INVOKING Cleansing Flame.
 63327 | Tomb:1   | Killed a royal mummy
 63328 | Tomb:1   | 63328 ||| INVOKING Cleansing Flame.
 63328 | Tomb:1   | Noticed a royal mummy
 63329 | Tomb:1   | 63329 ||| Stepping ~*~*~tactically~*~*~ (stealth).
 63330 | Tomb:1   | Noticed a royal mummy
 63330 | Tomb:1   | 63330 ||| SWAPPING to +9 broad axe of the Forgotten Wishes
                  | {heavy, Will+ Str+5 Dex+4}.
 63335 | Tomb:1   | 63335 ||| INVOKING Summon Divine Warrior.
 63338 | Tomb:1   | 63338 ||| INVOKING Summon Divine Warrior.
 63338 | Tomb:1   | Identified the +8 tower shield of Nucw {Contam Will+ Regen+
                  | MP+9}
 63350 | Tomb:1   | Noticed a royal mummy
 63350 | Tomb:1   | Noticed a royal mummy
 63350 | Tomb:1   | Noticed a royal mummy
 63350 | Tomb:1   | HP: 48/215 [??? (9)]
 63351 | Tomb:1   | 63351 ||| READING 16 scrolls of teleportation.
 63352 | Tomb:1   | 63352 ||| DRINKING 3 potions of heal wounds.
 63352 | Tomb:1   | HP: 20/215 [royal mummy/divine providence (12)]
 63353 | Tomb:1   | 63353 ||| DRINKING 2 potions of heal wounds.
 63354 | Tomb:1   | 63354 ||| DRINKING potion of heal wounds.
 63355 | Tomb:1   | 63355 ||| INVOKING Cleansing Flame.
 63771 | Tomb:2   | 63771 ||| UPGRADING to +5 ring of evasion.
 63775 | Tomb:1   | 63775 ||| INVOKING Summon Divine Warrior.
 63779 | Tomb:1   | Noticed a royal mummy
 63784 | Tomb:1   | 63784 ||| INVOKING Cleansing Flame.
 63786 | Tomb:1   | 63786 ||| INVOKING Cleansing Flame.
 63787 | Tomb:1   | 63787 ||| INVOKING Cleansing Flame.
 63788 | Tomb:1   | Killed a royal mummy
 63789 | Tomb:1   | 63789 ||| INVOKING Cleansing Flame.
 63789 | Tomb:1   | Killed a royal mummy
 63789 | Tomb:1   | Killed a royal mummy
 63790 | Tomb:1   | 63790 ||| INVOKING Cleansing Flame.
 63790 | Tomb:1   | Killed a royal mummy
 63791 | Tomb:1   | 63791 ||| INVOKING Summon Divine Warrior.
 63792 | Tomb:1   | 63792 ||| INVOKING Summon Divine Warrior.
 63792 | Tomb:1   | Identified the +7 tower shield "Dodyehoc" {Int+3}
 63793 | Tomb:1   | 63793 ||| INVOKING Summon Divine Warrior.
 63794 | Tomb:1   | 63794 ||| DRINKING 4 potions of magic.
 63794 | Tomb:1   | HP: 51/215 [??? (10)]
 63795 | Tomb:1   | 63795 ||| READING 15 scrolls of teleportation.
 63796 | Tomb:1   | 63796 ||| INVOKING Cleansing Flame.
 63796 | Tomb:1   | HP: 18/215 [royal mummy/divine providence (12)]
 63797 | Tomb:1   | 63797 ||| INVOKING Cleansing Flame.
 63797 | Tomb:1   | Killed a royal mummy
 63797 | Tomb:1   | Noticed a royal mummy
 63797 | Tomb:1   | Noticed a royal mummy
 63798 | Tomb:1   | 63798 ||| Stepping ~*~*~tactically~*~*~ (hiding).
 63801 | Tomb:1   | 63801 ||| READING 14 scrolls of teleportation.
 63801 | Tomb:1   | Noticed a royal mummy
 63802 | Tomb:1   | HP: 18/215 [something (7)]
 64155 | Tomb:1   | 64155 ||| UPGRADING to ring of Ygguon {rC+ rN+ Will+
                  | Str+2}.
 64248 | Tomb:1   | Gained mutation: You occasionally lose the ability to read
                  | scrolls when taking damage. [mutagenic glow]
 64249 | Tomb:1   | 64249 ||| Stepping ~*~*~tactically~*~*~ (hiding).
 64249 | Tomb:1   | Noticed a royal mummy
 64250 | Tomb:1   | 64250 ||| INVOKING Summon Divine Warrior.
 64254 | Tomb:1   | 64254 ||| INVOKING Summon Divine Warrior.
 64257 | Tomb:1   | 64257 ||| INVOKING Summon Divine Warrior.
 64260 | Tomb:1   | 64260 ||| INVOKING Cleansing Flame.
 64262 | Tomb:1   | 64262 ||| INVOKING Cleansing Flame.
 64262 | Tomb:1   | HP: 51/215 [royal mummy/divine providence (11)]
 64263 | Tomb:1   | 64263 ||| READING 13 scrolls of teleportation.
 64298 | Tomb:1   | Gained mutation: Your spells are a little harder to cast,
                  | but a little more powerful. [mutagenic glow]
 64580 | Tomb:1   | 64580 ||| DRINKING 8 potions of mutation.
 64580 | Tomb:1   | Lost mutation: Your body sometimes deteriorates upon taking
                  | damage. [potion of mutation]
 64580 | Tomb:1   | Lost mutation: You have hidden genetic potential. [potion
                  | of mutation]
 64580 | Tomb:1   | Lost mutation: Your spells are a little harder to cast, but
                  | a little more powerful. [potion of mutation]
 64580 | Tomb:1   | Lost mutation: You are weak. (Str -2) [potion of mutation]
 64580 | Tomb:1   | Gained mutation: Your spells are a little harder to cast,
                  | but a little more powerful. [potion of mutation]
 64581 | Tomb:1   | 64581 ||| DRINKING 7 potions of mutation.
 64581 | Tomb:1   | Lost mutation: Your spells are a little harder to cast, but
                  | a little more powerful. [potion of mutation]
 64581 | Tomb:1   | Lost mutation: You are robust. (+10% HP) [potion of
                  | mutation]
 64581 | Tomb:1   | Lost mutation: You occasionally lose the ability to read
                  | scrolls when taking damage. [potion of mutation]
 64581 | Tomb:1   | Gained mutation: You are partially covered in iridescent
                  | scales. (AC +2) [potion of mutation]
 64581 | Tomb:1   | Gained mutation: You sometimes lose your temper in combat.
                  | [potion of mutation]
 64582 | Tomb:1   | 64582 ||| DRINKING 6 potions of mutation.
 64582 | Tomb:1   | Lost mutation: You are partially covered in iridescent
                  | scales. (AC +2) [potion of mutation]
 64582 | Tomb:1   | Lost mutation: You sometimes lose your temper in combat.
                  | [potion of mutation]
 64582 | Tomb:1   | Gained mutation: You have a pair of small antennae on your
                  | head. [potion of mutation]
 64582 | Tomb:1   | Gained mutation: Your flesh is cold resistant. (rC+)
                  | [potion of mutation]
 64583 | Tomb:1   | 64583 ||| DROPPING +2 helmet.
 64584 | Tomb:1   | 64584 ||| UPGRADING to +2 cloak of willpower.
 64703 | Tomb:1   | 64703 ||| INVOKING Summon Divine Warrior.
 64706 | Tomb:1   | 64706 ||| INVOKING Cleansing Flame.
 64707 | Tomb:1   | 64707 ||| INVOKING Cleansing Flame.
 64708 | Tomb:1   | 64708 ||| INVOKING Cleansing Flame.
 64709 | Tomb:1   | 64709 ||| INVOKING Cleansing Flame.
 64709 | Tomb:1   | Killed a royal mummy
 64711 | Tomb:1   | 64711 ||| INVOKING Cleansing Flame.
 64712 | Tomb:1   | Killed a royal mummy
 64712 | Tomb:1   | HP: 48/196 [something (30)]
 64712 | Tomb:1   | HP: 16/196 [royal mummy/divine providence (12)]
 64713 | Tomb:1   | 64713 ||| READING 12 scrolls of teleportation.
 64713 | Tomb:1   | Killed from afar by a royal mummy

Levels and vault maps discovered:
D:1:      lemuel_arrival_muddy, layout_basic, ebering_ecumenical_altar_box,
          chequers_serial_rivers_room_a
D:2:      layout_basic, basic_altar
D:3:      layout_basic, grunt_temple_overflow_forces_of_nature,
          mainiacjoe_overflow_alcove_4, kennysheep_jessica_study
D:4:      layout_loops_corners, makhleb_altar_promises_db,
          lemuel_temple_firewalk_b, serial_demonic, serial_demonic_d,
          serial_demonic_a, serial_demonic_g, serial_demonic_d,
          serial_demonic_b, serial_demonic_g, guppyfry_early_lair_pool,
          uniq_pikel, uniq_grinder, uniq_blork_the_orc, uniq_edmund
D:5:      layout_basic, nicolae_vehumet_radiance,
          chequers_serial_rivers_small_3, uniq_menkaure
D:6:      layout_basic, minmay_quadrilaterals
D:7:      layout_cave_pods
D:8:      layout_loops_ring, amcnicky_altar_gilded, chequers_jeans
D:9:      cheibrodos_fzero, layout_basic, uniq_erica
D:10:     layout_grid_maze, mainiacjoe_overflow_tiny_flanked, enter_bailey_3
D:11:     minmay_the_grid_net [minmay_the_grid_eight, minmay_the_grid_tiny_cups,
          minmay_the_grid_armoury, minmay_the_grid_tri_star,
          minmay_the_grid_box_x, minmay_the_grid_prize_diamond_cup],
          layout_loops_cross, dpeg_lair_monsters, enter_trove_1,
          small_chamber_with_monster
D:12:     layout_cave_pods
D:13:     layout_basic, skrybe_vaults_entry_preservation, serial_shops,
          nicolae_shop_behind_doors
D:14:     layout_loops_cross, minmay_misc_feat_plants, dancing_weapons_uskayaw,
          uniq_louise
D:15:     gammafunk_depths_entry_grave, layout_basic, serial_bayou_pond_b
Temple:   eino_wide_crystal_templ
Lair:1:   layout_cave_pods, serial_bayou_pond_c, serial_bayou_shore_a,
          grunt_megastairs_5
Lair:2:   dreamdust_isle_of_ice, layout_loops_ring,
          nicolae_snake_entry_warm_welcome, lemuel_fruit_tree, uniq_amaemon
Lair:3:   layout_chaotic_city, elwin_shoals_entry_rocks, grunt_megastairs_1,
          uniq_fannar
Lair:4:   layout_small_grid, special_room [special_room_mythical_zoo],
          infiniplex_staircase_pool_2
Lair:5:   cheibrodos_lair_end_hotspot, layout_regular_city, slime_entry_1,
          gammafunk_ghost_grave
Shoals:1: layout_shoals, portal_ice_cave_entry_pillars_1,
          nicolae_shoals_square_sea_wall, abandoned_shop
Shoals:2: layout_shoals, serial_shops, shop, uniq_polyphemus
Shoals:3: layout_shoals
Shoals:4: shoals_end_grunt_ice, layout_shoals, shoal_ilsuiw
Snake:1:  layout_grid_shapes, uniq_aizul
Snake:2:  layout_chambers, hellmonk_ghost_happy_afterlife, st_stairs_8,
          grunt_megastairs_2, uniq_donald, uniq_vashnia, uniq_jorgrun,
          uniq_agnes
Snake:3:  layout_cave_town
Snake:4:  johnstein_snake_rune_scales, layout_concentric_octagons, basic_altar,
          nicolae_coiled_stairwell_up
Slime:1:  nicolae_slime_infinislime, layout_caves
Slime:2:  layout_caves, dissolution_awaits
Slime:3:  layout_caves
Slime:4:  layout_caves
Slime:5:  slime_pit_nicolae_amoeboid
Orc:1:    layout_caves, kennysheep_orc_chapel, uniq_josephine
Orc:2:    grunt_orc_cross, layout_diamond_mine, serial_shops,
          nicolae_shop_just_a_little_nook, uniq_maurice
Vaults:1: nicolae_vaults_sightless_eye, ontoclasm_vaults_shuriken, v_misc_18,
          nicolae_vaults_layer_cake_slice, hangedman_vaults_nails,
          ontoclasm_vaults_twist, layout_vaults_quadrants
Vaults:2: v_pattern_2, hangedman_vaults_impose, nicolae_vaults_tetromino_Z_1,
          nicolae_vaults_network_square, nicolae_vaults_ellipses_ellipsis,
          nicolae_vaults_taking_the_gang_shopping, nicolae_vaults_tangram_2,
          ontoclasm_vaults_loading_screen, nicolae_vaults_holding_cells,
          vaults_mumra_hex, nicolae_vaults_storage_closets_3,
          nicolae_vaults_trapezoid_lopsided_1, layout_vaults_omnibox
Vaults:3: nicolae_vaults_library_corner, minmay_crypt_entry_simple_sparse,
          ontoclasm_vaults_gateway, v_misc_12, nicolae_vaults_closet_pinwheel_3,
          v_misc_15, nicolae_vaults_little_squares_5, nicolae_vaults_spaceships,
          nicolae_vaults_double_plus_2, grunt_vaults_hallway_short,
          v_alt_pattern_2, layout_vaults_ring
Vaults:4: nicolae_vaults_storage_room_doors, ontoclasm_vaults_bender, v_misc_30,
          nicolae_vaults_what_the_h, nicolae_vaults_trapezoid_lopsided_2,
          v_rooms_1, ontoclasm_vaults_decontamination,
          nicolae_vaults_more_shelving_1, v_alt_pattern_4,
          layout_vaults_maze_snakey, serial_shops, nicolae_square_shop
Vaults:5
Crypt:1:  layout_basic, gammafunk_ghost_fury_of_okawaru, columned_hall_lemuel,
          item_on_display_b, uniq_josephina
Crypt:2:  layout_catacombs
Crypt:3:  david_glass_crypt, layout_rooms, uniq_boris, uniq_xtahua, uniq_khufu
Tomb:1
Tomb:2:   uniq_mennas
Depths:1: layout_gridlike, marbit_kobold_abyss_entry, hell_entry,
          minmay_fountain_box, chequers_serial_rivers_room_a,
          serial_sigils_hangedman_stare, kennysheep_generic_room_11
Depths:2: thingy_vault, layout_basic, enter_ziggurat_d, minmay_misc_feat_doors,
          grunt_pan_entry_zigzag, hell_entry, st_stairs_3, okawaru_gym_becter,
          serial_bayou_shore_b, infiniplex_staircase_9_rooms
Depths:3: minmay_shoctagon, layout_gridlike, hell_entry, grunt_decor_one_mirror,
          serial_shops, bzr_entry_islet, nicolae_shop_advertising_works
          [nicolae_subvault_shop_adworks], biasface_ghost_demon_polymorph,
          hangedman_abyss_entry_splay, hangedman_decor_riveting,
          elyvilon_altar_3, minmay_staircase_statues, minmay_shop_grove
Depths:4: lemuel_castle_with_subvaults [lemuel_castle_interior_carwin_3],
          layout_cave_shapes, corexii_leaking_fountain, serial_shops,
          nicolae_shop_rolled_up, grunt_hell_horde, abyss_entry,
          rand_demon_pan_entry_8, drop_trap, hangedman_aviary
Zot:1:    hangedman_orp_of_zott, layout_gridville, grunt_ministairs_7
Zot:2:    layout_basic, gammafunk_ghost_wrathful_warriors
Zot:3:    layout_basic, hellmonk_ghost_big_iron
Zot:4:    layout_onion_interference

Skill      XL: |  1  2  3  4  5  6  7  8  9 10 11 12 13 14 15 16 17 18 19 20 21 22 23 24 25 26 27 |
---------------+----------------------------------------------------------------------------------+-----
Axes           | 2 3 4 5 6 7 9 11 12 15 16 18 | 18.0
Fighting       | 4 5 7 8 9 10 11 12 13 15 16 18 19 20 22 23 25 26 | 26.1
Dodging        | 4 5 6 7 8 9 10 | 10.0
Invocations    | 4 7 10 16 20 | 20.3
Shields        | 4 5 8 13 16 17 18 19 20 21 22 | 22.0
Armour         | 4 5 6 7 11 12 13 15 16 18 19 21 22 | 22.0
Throwing       | 1 4 5 8 9 10 11 12 13 14 | 14.3

Action                     |  1- 3 |  4- 6 |  7- 9 | 10-12 | 13-15 | 16-18 | 19-21 | 22-24 | 25-27 || total
---------------------------+-------+-------+-------+-------+-------+-------+-------+-------+-------++-------
  Melee: War axe           |    96 |   143 |   299 |   561 |   729 |   373 |       |       |       ||  2201
         Broad axe         |       |       |       |       |   296 |  1365 |  1624 |  1311 |   880 ||  5476
         Demon whip        |       |       |       |       |    27 |       |       |       |       ||    27
  Throw: Boomerang         |       |       |       |    75 |   123 |    81 |     3 |       |   229 ||   511
         Javelin           |       |       |       |       |    60 |    66 |   164 |   112 |   106 ||   508
 Invoke: Heroism           |       |       |    10 |    23 |    22 |    32 |    15 |    25 |    13 ||   140
         Finesse           |       |       |       |       |     9 |    12 |     5 |    13 |     6 ||    45
         Cleansing Flame   |       |       |       |       |       |       |       |       |    30 ||    30
         Summon Divine War |       |       |       |       |       |       |       |       |    16 ||    16
         Brand Weapon With |       |       |       |       |       |       |       |       |     1 ||     1
    Use: Scroll            |       |    13 |     9 |     7 |     5 |    11 |     3 |     4 |     9 ||    61
         Potion            |       |     3 |     1 |     2 |     2 |       |     1 |     3 |    32 ||    44
   Stab: Distracted        |       |       |       |     1 |       |       |       |       |       ||     1
         Petrified         |       |       |       |       |       |    17 |       |       |       ||    17
         Petrifying        |       |       |       |       |       |     4 |       |       |       ||     4
 Armour: Scale mail        |    44 |    12 |   108 |   244 |   283 |       |       |       |       ||   691
         Chain mail        |       |    86 |    46 |       |       |       |       |       |       ||   132
         Plate armour      |       |       |       |       |   168 |   690 |   529 |   717 |   508 ||  2612
  Dodge: Dodged            |    37 |    42 |   144 |   188 |   276 |   380 |   320 |   558 |   391 ||  2336
         Repelled          |       |       |       |       |       |       |       |       |     3 ||     3
  Block: Buckler           |     9 |    22 |    52 |    69 |       |       |       |       |       ||   152
         Kite shield       |       |       |       |   123 |   497 |    81 |       |       |       ||   701
         Tower shield      |       |       |       |       |       |  1342 |  1221 |  1177 |   918 ||  4658

Table legend:
 A = Non-vault XP
 B = Vault XP
 C = Vault XP percentage of total XP
 D = Non-vault monster count
 E = Vault monster count
 F = Vault count percentage of total count
                 A         B        C        D         E       F
            +---------+---------+-------+---------+---------+-------
      Total |  729720 |  616543 |  45.8 |    1370 |     816 |  37.3
            +---------+---------+-------+---------+---------+-------
        D:1 |      35 |       0 |   0.0 |      21 |       0 |   0.0
        D:2 |      58 |       0 |   0.0 |      26 |       0 |   0.0
        D:3 |      57 |      39 |  40.6 |      13 |       2 |  13.3
        D:4 |     245 |    1295 |  84.1 |      10 |      14 |  58.3
        D:5 |     514 |     172 |  25.1 |       9 |       1 |  10.0
        D:6 |    1403 |     613 |  30.4 |      24 |       6 |  20.0
        D:7 |    1269 |       0 |   0.0 |      25 |       0 |   0.0
        D:8 |    1716 |       0 |   0.0 |      34 |       0 |   0.0
        D:9 |    2140 |    2713 |  55.9 |      24 |      16 |  40.0
       D:10 |    3354 |       7 |   0.2 |      16 |       4 |  20.0
       D:11 |    6901 |   10081 |  59.4 |      24 |      34 |  58.6
       D:12 |    6557 |       0 |   0.0 |      17 |       0 |   0.0
       D:13 |    7647 |    6199 |  44.8 |      15 |       9 |  37.5
       D:14 |    9014 |    1242 |  12.1 |      20 |       1 |   4.8
       D:15 |   16253 |    7664 |  32.0 |      30 |      13 |  30.2
     Lair:1 |    5908 |    1144 |  16.2 |      30 |       4 |  11.8
     Lair:2 |    8560 |    5770 |  40.3 |      25 |      22 |  46.8
     Lair:3 |    8411 |    6101 |  42.0 |      25 |      16 |  39.0
     Lair:4 |    4698 |    5015 |  51.6 |      19 |      25 |  56.8
     Lair:5 |    9548 |    6592 |  40.8 |      18 |      23 |  56.1
   Shoals:1 |   16562 |       0 |   0.0 |      35 |       0 |   0.0
   Shoals:2 |   24155 |    5527 |  18.6 |      46 |       6 |  11.5
   Shoals:3 |   12638 |       0 |   0.0 |      25 |       0 |   0.0
   Shoals:4 |   15841 |   28419 |  64.2 |      33 |      41 |  55.4
    Snake:1 |   10267 |    1169 |  10.2 |      23 |       1 |   4.2
    Snake:2 |    6918 |   14568 |  67.8 |      13 |      15 |  53.6
    Snake:3 |   15252 |       0 |   0.0 |      32 |       0 |   0.0
    Snake:4 |   18609 |   23664 |  56.0 |      35 |      37 |  51.4
    Slime:2 |    3872 |    7332 |  65.4 |       6 |       1 |  14.3
    Slime:3 |    3714 |       0 |   0.0 |       6 |       0 |   0.0
    Slime:5 |   11406 |   27383 |  70.6 |      19 |      20 |  51.3
      Orc:1 |    4925 |    2661 |  35.1 |      46 |      11 |  19.3
      Orc:2 |    1306 |    8963 |  87.3 |      23 |      33 |  58.9
   Vaults:1 |   12996 |    6463 |  33.2 |      23 |      13 |  36.1
   Vaults:2 |   24941 |   31595 |  55.9 |      45 |      42 |  48.3
   Vaults:3 |   42918 |   19776 |  31.5 |      59 |      29 |  33.0
   Vaults:4 |   22955 |   13453 |  37.0 |      33 |      19 |  36.5
   Vaults:5 |   13729 |  101069 |  88.0 |      16 |      89 |  84.8
    Crypt:1 |   27657 |       0 |   0.0 |      44 |       0 |   0.0
    Crypt:2 |   26169 |       0 |   0.0 |      38 |       0 |   0.0
    Crypt:3 |   28201 |   25581 |  47.6 |      34 |      15 |  30.6
     Tomb:1 |   11581 |   62076 |  84.3 |      30 |      59 |  66.3
     Tomb:2 |    8067 |   32047 |  79.9 |      18 |      36 |  66.7
   Depths:1 |   31096 |    1529 |   4.7 |      40 |       4 |   9.1
   Depths:2 |   36927 |   25649 |  41.0 |      44 |      30 |  40.5
   Depths:3 |   26861 |   10730 |  28.5 |      30 |       9 |  23.1
   Depths:4 |   14524 |   82844 |  85.1 |      16 |      74 |  82.2
      Zot:1 |   54396 |   29398 |  35.1 |      50 |      42 |  45.7
      Zot:2 |   41214 |       0 |   0.0 |      29 |       0 |   0.0
      Zot:3 |   31944 |       0 |   0.0 |      24 |       0 |   0.0
      Zot:4 |   33791 |       0 |   0.0 |      30 |       0 |   0.0
            +---------+---------+-------+---------+---------+-------
